Workbook
Name PRINT_AREA: #N/A
Name PRINT_AREA_MI: #N/A
Name PRINT_AREA_MI: #N/A
Name PRINT_TITLES: #N/A
Name PRINT_TITLES_MI: #N/A
Name PRINT_TITLES_MI: #N/A

Sheet LISTA DE OFERENTES
A1: FONDO DE DESARROLLO LOCAL DE FONTIBÓN
A2: FDLF-CMA-001-2024
A3: No. | B3: NOMBRE | C3: REPRESENTANTE LEGAL | D3: TIPO DE OFERENTE | E3: CONSORCIADO 1 | F3: CONSORCIADO 2 | G3: CONSORCIADO 3 | H3: CONSORCIADO 4 | I3: OBSERVACIONES
A4: 1 | B4: CONSORCIO INTERVIALES PCI-PC | C4: PEDRO JOSÉ CORREDOR BECERRA | D4: CONSORCIO | E4: PC PROYECCION E INGENIERIA SAS 50% | F4: JORGE WILLAN CORZO GARCIA 10% | G4: GERMAN ALONSO PUENTES GORDO 30% | H4: INCORDIS SAS 10%
A5: 2 | B5: CONSORCIO VÍAS FONTIBÓN 2025 | C5: SANTIAGO CARRILLO VARGAS | D5: CONSORCIO | E5: SANDRA MONICA CARDOZO 50% | F5: SAVIMAC SAS 50%
A6: 3 | B6: MORALBA SANCHEZ ORDOÑEZ | C6: MORALBA SANCHEZ ORDOÑEZ | D6: PERSONA NATURAL | E6: MORALBA SANCHEZ ORDOÑEZ (100%)
A7: 4 | B7: GRUPO METRO COLOMBIA SAS | C7: OSCAR ALFREDO MONTOYA CASTRO | D7: PERSONA JURIDICA NACIONAL | E7: GRUPO METRO COLOMBIA SAS (100%)
A8: 5 | B8: CONSORCIO INTER CGS F1 | C8: RICAUTE ALVAREZ PARRADO | D8: CONSORCIO | E8: CONSULTORIA VIAL S.A.S 50% | F8: GRUPO INFRAESTRUCTURA COLOMBIA SAS 40% | G8: SL SENDAS INGENIERIA SAS 10%
A9: 6 | B9: INGENIEROS CONSTRUCTORES Y ASESORES SAS | C9: ESTHER PAULINA MARTINEZ MENDOZA | D9: PERSONA JURIDICA NACIONAL | E9: INGENIEROS CONSTRUCTORES Y ASESORES SAS (100%)
A10: 7 | B10: GPM PROYECTOS DE INGENIERIA SAS | C10: GONZALO EDUARDO PAZ MATALLANA | D10: PERSONA JURIDICA NACIONAL | E10: GPM PROYECTOS DE INGENIERIA SAS (100%)
A11: 8 | B11: CONSORCIO MODELIA 24 | C11: CARLOS MARIO ROLÓN AMAYA | D11: CONSORCIO | E11: INGECO INGENIERIA DE CONSTRUCCIONES S.A.S 50% | F11: INGENIERIA DE PROYECTOS S.A.S. 50%
A12: 9 | B12: UNIÓN TEMPORAL ROADS 402 | C12: ANTONIO JOSE PEDRAZA JIMENEZ | D12: UNION TEMPORAL | E12: ANTONIO JOSE PEDRAZA JIMENEZ 50% | F12: CONTRERAS CORTES SERVICIOS DE INGENIERIA SAS 40% | G12: TERRA NOVO CONSTRUCCIONES SAS 10%
A13: 10 | B13: CONSORCIO MALLA VIAL 206 | C13: PAOLA DEL PILAR LÓPEZ ROJAS | D13: CONSORCIO | E13: LUPSA INGENIERIA Y CONSTRUCCIONES S.A.S. 70% | F13: SUCA CONSTRUCCIONES S.A.S. 30%
A14: 11 | B14: INTERVENTORIA Y CONSTRUCIVILES SAS | C14: CARLOS ALBERTO ARAMBULA CURREA | D14: PERSONA JURIDICA NACIONAL | E14: INTERVENTORIA Y CONSTRUCIVILES SAS (100%)
A15: 12 | B15: EMPROCIV SAS | C15: NESTOR ANIBAL ESPINOSA NIÑO | D15: PERSONA JURIDICA NACIONAL | E15: EMPROCIV SAS (100%)
A16: 13 | B16: CONSORCIO NOGAALL-LITORAL | C16: JORGE HERNANDO BELTRÁN CATUMBA | D16: CONSORCIO | E16: NOGALL SAS (60%) | F16: LITORAL CONSULTING SAS (40%)
A17: 14 | B17: GRUCOING SAS | C17: LUZ ANGELA JARAMILLO DIAZ | D17: PERSONA JURIDICA NACIONAL | E17: GRUCOING SAS (100%)
A18: 15 | B18: CONSORCIO ESPACIOS TVH | C18: FABIAN ANDRES VALLEJO PACHÓN | D18: CONSORCIO | E18: COMPAÑÍA CONSULTORA COLOMBIANA TRIPLE C S.A.S BIC (50%) | F18: VALLEJO H INGENIEROS CONSULTORES CONSTRUCTORES S.A.S (50%)
A19: 16 | B19: CONSORCIO VIAS Y ESP | C19: FABIO MERCK RAMIREZ POVEDA | D19: CONSORCIO | E19: MIRS LATINOAMERICA S.A.S. (90%) | F19: ACM ESTUDIOS SOCIO AMBIENTALES S.A.S (10%)
A20: 17 | B20: CONSORCIO FONTIBON GM | C20: DANIEL ERNESTO RUIZ PARRA | D20: CONSORCIO | E20: MSING SAS (90%) | F20: GRMM S.A.S. (10%)
A21: 18 | B21: CONSORCIO I.D. FONTIBÓN | C21: JULIAN DARIO OCHOA NIÑO | D21: CONSORCIO | E21: DISEÑOS INTERVENTORIAS Y SERVICIOS S.A.S. (90%) | F21: INGENIERIA DESARROLLO Y CONSULTORIA INDESCO S.A.S. BIC (10%)
A22: 19 | B22: CONSORCIO LG FONTIBÓN | C22: BLANCA LILLYAM TABARES MESA | D22: CONSORCIO | E22: LÍNEA GLOBAL INGENIERÍA S. A. S. (50%) | F22: GERARDO DÍAZ MANJARRÉS (50%)
A23: 20 | B23: INTERSA S.A | C23: ISABEL VICTORIA LEON REYES | D23: PERSONA JURIDICA NACIONAL | E23: INTERSA S.A (100%)
A24: 21 | B24: CODIPRO INGENIERIA Y ARQUITECTURA LTDA. CONSTRUCCIONES, DISEÑOS Y PROYECTOS | C24: JESUS MARIA BERDUGO LEAL | D24: PERSONA JURIDICA NACIONAL | E24: CODIPRO INGENIERIA Y ARQUITECTURA LTDA. CONSTRUCCIONES, DISEÑOS Y PROYECTOS (100%)
A25: 22 | B25: CONSORCIO INGESCOR R 2024 | C25: AURA ELENA LÓPEZ MENDOZA | D25: CONSORCIO | I25: no presento documento consorcial
A26: 23 | B26: CONSORCIO INTERVIAL URBANO | C26: RAFAEL VILLAR OSPINA | D26: CONSORCIO | E26: IAR PROYECTOS SAS (50%) | F26: BATEMAN INGENIERIA SAS (50%)
A27: 24 | B27: VELNEC SA | C27: PAULA ANDREA MARTINEZ MORA | D27: PERSONA JURIDICA NACIONAL | E27: VELNEC SA (100%)
A28: 25 | B28: CONSORCIO INTERFONTIBON 2024 | C28: LADY MERCEDES AGUIRRE ORTIZ | D28: CONSORCIO | E28: AESA PROYECTOS SAS (50%) | F28: BALER INGENIERIA SAS BIC (50%)
A29: 26 | B29: ING INGENIERIA S.A.S | C29: CARLOS ALBERTO BELLO AVENA | D29: PERSONA JURIDICA NACIONAL | E29: ING INGENIERIA S.A.S (100%)
A30: 27 | B30: CONSORCIO FATIMA | C30: ERLY GIOVANNA CUÉLLAR OBREGÓN | D30: CONSORCIO | E30: ARA INGENIERIA SAS (90%) | F30: JOSE ALBERTO ROJAS PRIETO (10%)
A31: 28 | B31: GEOTECNIA Y CIMIENTOS INGEOCIM S.A.S. | C31: ALEXANDRA LILIANA RINCON ROSAS | D31: PERSONA JURIDICA NACIONAL | E31: GEOTECNIA Y CIMIENTOS INGEOCIM S.A.S.(100%)
A32: 29 | B32: CONSORCIO FONTIBON JINT 001 | C32: CESAR AUGUSTO PALACIOS WILCHES | D32: CONSORCIO | E32: JPS INGENIERIA S.A.S.(90%) | F32: INTING S.A.S. (10%)
A33: 30 | B33: CONSORCIO ALIANZA BOGOTA | C33: DIEGO ALEJANDRO LEIVA ORTIZ | D33: CONSORCIO | E33: MSC INGENIERIA SAS (90%) | F33: CORTES LEIVA ASOCIADOS SAS (10%)
A34: 31 | B34: CONSORCIO FEM – 34 | C34: CAMILO ALBERTO HERRERA BERNAL, | D34: CONSORCIO | E34: MONTENEGRO Y COMPAÑIA S.A.S. 60% | F34: FLAVIO RICARDO JIMÉNEZ MEJÍA 30% | G34: EJECUCIÓN Y GERENCIA DE PROYECTOS S.A.S. 10%
A35: 32 | B35: CONSORCIO INTER FONTIBON | C35: ANGELA MARIA DAVILA MORALES | D35: CONSORCIO | E35: INGENIERIA Y CONSULTORIA INGECON S.A.S.(50%) | F35: ECG INGENIERIA S.A.S (50%)
A36: 33 | B36: CONSORCIO ID FONTIBON 001 | C36: LUZ MARINA ORTEGA OCHOA | D36: CONSORCIO | E36: NTERVENTORIAS Y DISEÑOS S.A- INTERDISEÑOS 20% | F36: INTERDISEÑOS ASOCIADOS S.A.S 80%
A37: 34 | B37: CTV FONTIBON | C37: RAFAEL PAOLA PASSO DE LA HOZ | D37: CONSORCIO | E37: INGENIERIA MASTER 50% | F37: JET INGENIERIA 50%
A38: 35 | B38: ESTUDIOS TÉCNICOS Y CONSTRUCCIONES SAS | C38: MANUEL LEOPOLDO GONGORA SIERRA | D38: PERSONA JURIDICA NACIONAL | E38: ESTUDIOS TÉCNICOS Y CONSTRUCCIONES SAS 100%
A39: 36 | B39: ALIANZA INTEGRAL DE PROYECTOS SAS BIC | C39: YURI VIVIANA ARCILA RODRIGUEZ | D39: PERSONA JURIDICA NACIONAL | E39: ALIANZA INTEGRAL DE PROYECTOS SAS BIC 100%
A40: 37 | B40: CONSORCIO EPSILON FONTIBON | C40: WILSON GIOVANNI URREA URREA | D40: CONSORCIO | E40: PROYECTOS E INTERVENTORÍAS S.A.S – PI S.A.S. 70% | F40: INGENIERÍA DE ESTUDIOS Y ASESORIAS S.A.S. INESAS S.A.S 30%
A41: 38 | B41: PAULO EMILIO BRAVO CONSULTORES SAS | C41: MANUEL JOSÉ BRAVO FERNÁNDEZ | D41: PERSONA JURIDICA NACIONAL | E41: PAULO EMILIO BRAVO CONSULTORES SAS 100%
A42: 39 | B42: ALMA Interventoría & Consultoría S.A.S | C42: Álvaro Hernando Vera Ayala | D42: PERSONA JURIDICA NACIONAL | E42: ALMA Interventoría & Consultoría S.A.S 100%
A43: 40 | B43: CONSORCIO COING F001 | C43: ANDREA DEL PILAR PEÑA SANCHEZ | D43: CONSORCIO | E43: ICING S.A.S 90% | F43: COPEBA S.A.S. 10%
A44: 41 | B44: CONSORCIO FONTIBÓN KM 2024 | C44: CESAR AUGUSTO CAMARGO CAMARGO | D44: CONSORCIO | E44: KALPA INGENIERIA SAS SOCIEDAD DE BENEFICIO E INTERES COLECTIVO - BIC (99%) | F44: MEDINA & RIVERA INGENIEROS ASOCIADOS SAS (1%)
A45: 42 | B45: CONSORCIO INTER FONTIBON JG | C45: MARIA ISABEL LORA MUÑOZ | D45: CONSORCIO | E45: GAVINCO INGENIEROS CONSULTORES SAS (90%) | F45: JGF INGENIERIA S.A.S (10%)
A46: 43 | B46: CONSORCIO INTER VÍAL G&L | C46: ANTONIO RAFAEL GONZALEZ FANDIÑO | D46: CONSORCIO | E46: LUIS GUILLERMO NARVAEZ RICARDO (50%) | F46: GNG SERVICIOS DE INGENIERÍA S.A.S. (50%)
A47: 44 | B47: ECOVIAS SAS | C47: LUIGGI PUGLIESE MERCADO | D47: PERSONA JURIDICA NACIONAL | E47: ECOVIAS SAS 100%
A48: 45 | B48: PROJEKTA LTDA INGENIEROS CONSULTORES | C48: SERGIO RAFAEL PABÓN LOZANO | D48: PERSONA JURIDICA NACIONAL | E48: PROJEKTA LTDA INGENIEROS CONSULTORES (100%)
A49: 46 | B49: SOLUCIONES PARA LA INGENIERÍA S.A.S. | C49: Iván Augusto Barreto Esquivel | D49: PERSONA JURIDICA NACIONAL | E49: SOLUCIONES PARA LA INGENIERÍA S.A.S.(100%)
A50: 47 | B50: CONSORCIO INTERVIAL PH | C50: LUIS HUMBERTO JAUREGUI ESPINEL | D50: CONSORCIO | E50: HUMBERTO JAUREGUI & CIAS SAS (50%) | F50: PROYECTOS VIALES SAS (50%)
A51: 48 | B51: CONSORCIO SETEC VIAL FONTIBON | C51: ANDRÉS EDUARDO RINCÓN PÉREZ | D51: CONSORCIO | E51: GOMEZ CAJIAO Y ASOCIADOS S.A.S (50%) | F51: SETEC ANDINA S.A.S.(50%)
A52: 49 | B52: CONSORCIO CCP | C52: EDWIN JAVIER LINARES GARCIA | D52: CONSORCIO | E52: PROCIVING SAS (45%) | F52: CIAF LTDA INGENIERIA (45%) | G52: CONSULTORIA Y OBRAS CIVILES DE COLOMBIA SAS (10%)
A53: 50 | B53: CONSORCIO FONTIBON | C53: EDGAR EDUARDO LARA GUZMAN | D53: CONSORCIO | E53: INFRALAR SAS | F53: OBRAS Y PROYECTOS RP S.A.S | G53: INGTECNOVA S.A.S. BIC
A54: 51 | B54: CONSORCIO TECNOLOGICO | C54: RAFAEL JAVIER GUISA RUEDA | D54: CONSORCIO | E54: NTERVENTORIA Y CONSTRUCCIONES S.A.S | F54: RAFAEL JAVIER GUISA RUEDA
A55: 52 | B55: CONSORCIO INTERVIAL PH | C55: LUIS HUMBERTO JAUREGUI ESPINEL | D55: CONSORCIO | E55: HUMBERTO JAUREGUI & CIAS SAS | F55: PROYECTOS VIALES SAS
A56: 53 | B56: CONSORCIO VIAS FONTIBON PC | C56: VIVIAN PAOLA CAMPO VILLOTA | D56: CONSORCIO | E56: PROYECTOS TECNICOS DE COLOMBIA S.A.S | F56: COMPAÑÍA TECNICA DE INGENIERIA S.A.S
A57: 54 | B57: CONSORCIO MALLA VIAL FDLF | C57: MAURICIO FERNANDO PRIETO SANCHEZ | D57: CONSORCIO | E57: INPROTEKTO LIMITADA N (90%) | F57: BRAIN INGENIERÍA VIAL S.A.S. (10%)
A58: 55 | B58: CONSORCIO INTER FONTIBON | C58: LUIS MIGUEL PERDOMO VELASCO | D58: CONSORCIO | E58: INGE PR SAS | F58: INTERVENTORIA Y GESTION INTERGES SAS
A59: 56 | B59: CONSORCIO VIAS IC 2024 | C59: ASTRID LILIANA MARIN LOPEZ | D59: CONSORCIO | E59: CAYCO S.A.S | F59: INGEORBE SAS BIC
A60: 57 | B60: ORBITA DESARROLLO S.A.S. BIC | C60: SARAH DEL MAR SANSON TORRES | D60: PEERSONA JURIDICA | E60: ORBITA DESARROLLO S.A.S. BIC (100%)
A61: 58 | B61: CONSORCIO CONSTRUCCIÓN Y DESARROLLO FONTIBÓN | C61: CESAR EDUARDO GOMEZ GOMEZ | D61: CONSORCIO | E61: R&M CONSTRUCCIONES E INTERVENTORIAS SAS | F61: MAIRA ALEJANDRA PICON GARCIA
A62: 59 | B62: CONSORCIO ESPACIO PÚBLICO INT 2024 | C62: DONALDO ELÍAS CASTILLA RODRÍGUEZ, | D62: CONSORCIO | E62: INGENIERÍA Y GESTIÓN VIAL SAS 50% | F62: GEOINTERVENTORIAS SAS - GEOINTER SAS 25% | G62: DISEÑOS VÍAS Y PAVIMENTOS SAS 25%
A63: 60 | B63: CONSORCIO VÍAS PROTEV | C63: OSCAR ANDRES PLAZAS ROLDAN | D63: CONSORCIO | E63: PROYECTISTAS ASOCIADOS SAS 91% | F63: ONSTRUCTORA TEATINO VARGAS – CONSTRUTEV SAS 9%
A64: 61 | B64: CONSORCIO INTERVENTORES FONTIBON | C64: ANA ISABEL HENDE CARREÑO | D64: CONSORCIO | E64: CAP QUALITY PROJECT S.A.S | F64: OPH INGENIEROS ASOCIADOS SAS
A65: 62 | B65: CONCIC SAS | C65: JORGE RICHAR RODRIGUEZ | D65: PEERSONA JURIDICA | E65: CONCIC SAS (100%)

Sheet EXPERIENCIA DEL PROPONENTE
A1: FONDO DE DESARROLLO LOCAL DE FONTIBÓN
A2: FDLF-CMA-001-2023
A3: REQUISITOS PONDERABLE FACTOR No. 1
A6: 1 | E6: =VLOOKUP(A6,'REQUISITOS HAB. TECNICOS'!$A$5:$B$66,2,FALSE) -> CONSORCIO INTERVIALES PCI-PC
A7: NÚMERO DE CONTRATOS PRESENTADOS | B7: 5 | C7: PRESUPUESTO OFICIAL EN SMMLV | D7: =$D$899 -> 618.89672
A8: PROMEDIO DE SMMLV | C8: =H24/B7 -> 1380.2986
A9: TERMINO DE EJECUCION EXIGIDO | C9: 45631
A10: TOTAL SALARIOS MINIMOS ACREDITADOS | C10: =+IF(H24>D7,"CUMPLE","NO CUMPLE") -> CUMPLE
A11: CONDICIONES DE EXPERIENCIA | I11: CONDICION N°. 1 (VER TABLA AL FINAL DE LA HOJA) | J11: CONDICION N°. 2 (VER TABLA AL FINAL DE LA HOJA) | K11: CONDICION N°. 4 (VER TABLA AL FINAL DE LA HOJA) | M11: CONCLUSIÓN EXPERIENCIA GENERAL | N11: CONCLUSIÓN EXPERIENCIA ESPECIFICA 1 intervención de la estructura de pavimento (asfáltico o hidráulico). | O11: CONCLUSIÓN EXPERIENCIA ESPECIFIC 2 intervención de redes de servicios públicos. | P11: CONCLUSIÓN EXPERIENCIA ESPECIFICA 3 CONSTRUCCIÓN O RECONSTRUCCIÓN O REHABILITACIÓN O MEJORAMIENTO O REPAVIMENTACIÓN O PAVIMENTACIÓN en pavimento hidráulico o concreto hidráulico para tráfico vehicular. | Q11: CONCLUSIÓN EXPERIENCIA ESPECIFIC 4 CONSTRUCCIÓN O RECONSTRUCCIÓN REHABILITACIÓN O MEJORAMIENTO O REPAVIMENTACIÓN O PAVIMENTACIÓN en pavimento articulado o adoquinado. | R11: OBSERVACIÓN Y RESPUESTA OBSERVACIONES
A12: Objeto del Contrato | B12: Entidad Contratante | D12: Valor Contrato | E12: Año de ejecución aportado | F12: Valor del Contrato en SMMLV | G12: Participación UT/CONSORCIO | H12: Participación en SMMLV | I12: Término de ejecución aportado | J12: CODIGO UNSPSC SEGMENTOS 80 Y 81 | K12: validez del contrato | L12: Valor exigido 100%SMMLV (618,90)
A13: =VLOOKUP(A6,'LISTA DE OFERENTES'!$A$4:$F$82,5,FALSE) -> PC PROYECCION E INGENIERIA SAS 50%
A14: “INTERVENTORIA PARA EL MEJORAMIENTO, MANTENIMIENTO Y REHABILITACION DE LA CARRETERA SOGAMOSO-EL CRUCERO- AGUAZUL, RUTA 6211 Y 62BY05 DEL PR13+0000- PR14+1300, EN LOS DEPARTAMENTOS DE BOYACÁ Y CASANARE A CARGO INVIAS. | B14: INVIAS | D14: 2180080116 | E14: 2021 | F14: =D14/(VLOOKUP(E14,$D$929:$E$962,2,FALSE)) -> 2399.5792 | G14: 0.2 | H14: =F14*G14 -> 479.91585 | I14: 44269 | J14: CUMPLE | K14: CUMPLE | L14: =IF(K14="CUMPLE",H14,0) -> 479.91585 | M14: CUMPLE | N14: CUMPLE | O14: CUMPLE | P14: NO CUMPLE | Q14: CUMPLE
A15: INTERVENTORÍA TÉCNICA, ADMINISTRATIVA, FINANCIERA, LEGAL Y AMBIENTAL AL CONTRATO DE OBRA CUYO OBJETO ES CONSTRUCCIÓN DE PAVIMENTO RÍGIDO DE LAS VÍAS ALTERNAS DEL MUNICIPIO DE PISBA DEPARTAMENTO DE BOYACÁ | B15: MUNICIPIO DE PISBA | D15: 109994720 | E15: 2014 | F15: =D15/(VLOOKUP(E15,$D$929:$E$962,2,FALSE)) -> 178.56286 | G15: 0.7 | H15: =F15*G15 -> 124.994 | I15: 41992 | J15: CUMPLE | K15: CUMPLE | L15: =IF(K15="CUMPLE",H15,0) -> 124.994 | M15: CUMPLE | N15: CUMPLE | O15: CUMPLE | P15: CUMPLE | Q15: NO CUMPLE
A16: INTERVENTORIA PARA EL MEJORAMIENTO Y MANTENIMIENTO DE LA CARRETERA BUCARAMANGA - SAN ALBERTO, RUTA 45A, TRAMO 08, SECTOR RIONEGRO- SAN ALBERTOPR 18+000 - PR93+694, EN EL DEPARTAMENTO DE SANTANDER | B16: INVIAS | D16: 1015436044 | E16: 2019 | F16: =D16/(VLOOKUP(E16,$D$929:$E$962,2,FALSE)) -> 1226.2002 | G16: 0.15 | H16: =F16*G16 -> 183.93004 | I16: 2&/06/2019 | J16: CUMPLE | K16: CUMPLE | L16: =IF(K16="CUMPLE",H16,0) -> 183.93004 | M16: CUMPLE | N16: CUMPLE | O16: CUMPLE | P16: NO CUMPLE | Q16: NO CUMPLE
A17: =VLOOKUP(A6,'LISTA DE OFERENTES'!$A$4:$I$82,7,FALSE) -> GERMAN ALONSO PUENTES GORDO 30%
A18: “INTERVENTORIA PARA EL MEJORAMIENTO, MANTENIMIENTO Y REHABILITACION DE LA CARRETERA SOGAMOSO-EL CRUCERO- AGUAZUL, RUTA 6211 Y 62BY05 DEL PR13+0000- PR14+1300, EN LOS DEPARTAMENTOS DE BOYACÁ Y CASANARE A CARGO INVIAS. | B18: INVIAS | D18: 2180080116 | E18: 2021 | F18: =D18/(VLOOKUP(E18,$D$929:$E$962,2,FALSE)) -> 2399.5792 | G18: 0.6 | H18: =F18*G18 -> 1439.7475 | I18: 44269 | J18: CUMPLE | K18: CUMPLE | L18: =IF(K18="CUMPLE",H18,0) -> 1439.7475 | M18: CUMPLE | N18: CUMPLE | O18: CUMPLE | P18: NO CUMPLE | Q18: CUMPLE
A19: INTERVENTORIA PARA LA REHABILITACIÓN, MEJORAMIENTO Y PAVIMENTACIÓN DE LA VÍA ZANJÓN - PUEBLO BELLO INCLUYE AMPLIACIÓN, ESTRIBOS Y PLACA DE 2 PUENTES DE LUCES DE 21 Y 22 METROS, UN TABLERO DE 9 METROS, EN EL DEPARTAMENTO DEL CESAR: MODULO 1 | B19: INVIAS | D19: 2866431040 | E19: 2016 | F19: =D19/(VLOOKUP(E19,$D$929:$E$962,2,FALSE)) -> 4157.5317 | G19: 0.4 | H19: =F19*G19 -> 1663.0127 | I19: 42628 | J19: CUMPLE | K19: CUMPLE | L19: =IF(K19="CUMPLE",H19,0) -> 1663.0127 | M19: CUMPLE | N19: CUMPLE | O19: NO CUMPLE | P19: CUMPLE | Q19: NO CUMPLE
A20: INTERVENTORIA DE LAS OBRAS ENCAMINADAS AL MEJORAMIENTO DE LA CARRETERA YOPAL - TILO - ALGARROBO- OROCUE SECTOR YOPAL TILODRIAN (PAVIMENTACIÓN DEL K21+650 AL K37+650 L = 16 KM. | B20: Organización de Estados Iberoamericana | D20: 645885070 | E20: 2002 | F20: =D20/(VLOOKUP(E20,$D$929:$E$962,2,FALSE)) -> 2090.2429 | G20: 1 | H20: =F20*G20 -> 2090.2429 | I20: 37516 | J20: CUMPLE | K20: CUMPLE | L20: =IF(K20="CUMPLE",H20,0) -> 2090.2429 | M20: CUMPLE | N20: CUMPLE | O20: NO CUMPLE | P20: CUMPLE | Q20: NO CUMPLE
A21: INTERVENTORIA PARA EL MEJORAMIENTO Y MANTENIMIENTO DE LA CARRETERA BUCARAMANGA - SAN ALBERTO, RUTA 45A, TRAMO 08, SECTOR RIONEGRO- SAN ALBERTOPR 18+000 - PR93+694, EN EL DEPARTAMENTO DE SANTANDER | B21: INVIAS | D21: 1015436044 | E21: 2019 | F21: =D21/(VLOOKUP(E21,$D$929:$E$962,2,FALSE)) -> 1226.2002 | G21: 0.6 | H21: =F21*G21 -> 735.72015 | I21: 2&/06/2019 | J21: CUMPLE | K21: CUMPLE | L21: =IF(K21="CUMPLE",H21,0) -> 735.72015 | M21: CUMPLE | N21: CUMPLE | O21: CUMPLE | P21: NO CUMPLE | Q21: NO CUMPLE
A22: =VLOOKUP(A6,'LISTA DE OFERENTES'!$A$4:$I$82,6,FALSE) -> JORGE WILLAN CORZO GARCIA 10%
A23: INTERVENTORIA PARA EL MEJORAMIENTO Y MANTENIMIENTO DE LA CARRETERA BUCARAMANGA - SAN ALBERTO, RUTA 45A, TRAMO 08, SECTOR RIONEGRO- SAN ALBERTOPR 18+000 - PR93+694, EN EL DEPARTAMENTO DE SANTANDER | B23: INVIAS | D23: 1015436044 | E23: 2019 | F23: =D23/(VLOOKUP(E23,$D$929:$E$962,2,FALSE)) -> 1226.2002 | G23: 0.15 | H23: =F23*G23 -> 183.93004 | I23: 2&/06/2019 | J23: CUMPLE | K23: CUMPLE | L23: =IF(K23="CUMPLE",H23,0) -> 183.93004 | M23: CUMPLE | N23: CUMPLE | O23: CUMPLE | P23: NO CUMPLE | Q23: NO CUMPLE
A24: TOTALES | F24: =+SUM(F14:F16)+SUM(F18:F21)+F23 -> 14904.097 | H24: =SUM(H14:H23) -> 6901.4932 | R24: CUMPLE
A26: =1+A6 -> 2 | E26: =VLOOKUP(A26,'REQUISITOS HAB. TECNICOS'!$A$5:$B$66,2,FALSE) -> CONSORCIO VÍAS FONTIBÓN 2025
A27: NÚMERO DE CONTRATOS PRESENTADOS | B27: 3 | C27: PRESUPUESTO OFICIAL EN SMMLV | D27: =$D$899 -> 618.89672
A28: PROMEDIO DE SMMLV | C28: =+AVERAGE(H34:H37) -> 880.85895
A29: TERMINO DE EJECUCION EXIGIDO | C29: 45631
A30: TOTAL SALARIOS MINIMOS ACREDITADOS | C30: =+IF(H38>D27,"CUMPLE","NO CUMPLE") -> CUMPLE
A31: CONDICIONES DE EXPERIENCIA | I31: CONDICION N°. 1 (VER TABLA AL FINAL DE LA HOJA) | J31: CONDICION N°. 2 (VER TABLA AL FINAL DE LA HOJA) | K31: CONDICION N°. 4 (VER TABLA AL FINAL DE LA HOJA) | M31: CONCLUSIÓN EXPERIENCIA GENERAL | N31: CONCLUSIÓN EXPERIENCIA ESPECIFICA 1 intervención de la estructura de pavimento (asfáltico o hidráulico). | O31: CONCLUSIÓN EXPERIENCIA ESPECIFIC 2 intervención de redes de servicios públicos. | P31: CONCLUSIÓN EXPERIENCIA ESPECIFICA 3 CONSTRUCCIÓN O RECONSTRUCCIÓN O REHABILITACIÓN O MEJORAMIENTO O REPAVIMENTACIÓN O PAVIMENTACIÓN en pavimento hidráulico o concreto hidráulico para tráfico vehicular. | Q31: CONCLUSIÓN EXPERIENCIA ESPECIFIC 4 CONSTRUCCIÓN O RECONSTRUCCIÓN REHABILITACIÓN O MEJORAMIENTO O REPAVIMENTACIÓN O PAVIMENTACIÓN en pavimento articulado o adoquinado. | R31: OBSERVACIÓN Y RESPUESTA OBSERVACIONES
A32: Objeto del Contrato | B32: Entidad Contratante | D32: Valor Contrato | E32: Año de ejecución aportado | F32: Valor del Contrato en SMMLV | G32: Participación UT/CONSORCIO | H32: Participación en SMMLV | I32: Término de ejecución aportado | J32: CODIGO UNSPSC SEGMENTOS 80 Y 81 | K32: validez del contrato | L32: Valor exigido 100%SMMLV (618,90)
A33: =VLOOKUP(A26,'[1]LISTA DE OFERENTES'!$A$4:$F$82,5,FALSE) -> SANDRA MONICA CARDOZO 50%
A34: Interventoría técnica, Administariva, Legal, Financiera, social, ambiental y siso, a los dos contratos de obra pública derivados dela licitación pública Nº FDLUSA-LP-007-2014, convocada por} la alcaldía Local-FDLU | B34: FONDO DE DESARROLLO LOCAL DE USAQUÉN | D34: 2196942792 | E34: 2015 | F34: =D34/(VLOOKUP(E34,$D$929:$E$962,2,FALSE)) -> 3409.5488 | G34: 0.425 | H34: =F34*G34 -> 1449.0583 | I34: 42343 | J34: CUMPLE | K34: CUMPLE | L34: =IF(K34="CUMPLE",H34,0) -> 1449.0583 | M34: CUMPLE | N34: CUMPLE | O34: CUMPLE | P34: CUMPLE | Q34: NO CUMPLE
A35: Contratar la interventoría técnica, administrativa, financiera, legal, ambiental y social a la ejecución del contrato de obra pública que suscriba el fondo de desarrollo local de los mártires como resultado de la adjudicación de la licitación pública no. fdlm-lp-004-2014. | B35: FONDO DE DESARROLLO LOCAL DE LOS MARTIRES | D35: 785941819 | E35: 2016 | F35: =D35/(VLOOKUP(E35,$D$929:$E$962,2,FALSE)) -> 1139.9465 | G35: 0.5 | H35: =F35*G35 -> 569.97325 | I35: 42417 | J35: CUMPLE | K35: CUMPLE | L35: =IF(K35="CUMPLE",H35,0) -> 569.97325 | M35: CUMPLE | N35: CUMPLE | O35: CUMPLE | P35: CUMPLE | Q35: CUMPLE
A36: =VLOOKUP(A26,'LISTA DE OFERENTES'!$A$4:$I$82,6,FALSE) -> SAVIMAC SAS 50%
A37: REALIZAR LA INTERVENTORÍA TÉCNICA, ADMINISTRATIVA, FINANCIERA, JURÍDICA, SOCIAL, AMBIENTAL Y SISO AL CONTRATO DE OBRA PUBLICA No. COP-171-2016, QUE TIENE POR OBJETO REALIZAR BAJO LA MODALIDAD DE PRECIOS UNITARIOS, SIN FÓRMULA DE REAJUSTE, LA CONSTRUCCIÓN DE LA MALLA VIAL RURAL Y LA REHABILITACIÓN DE LA MALLA VIAL URBANA DE LA LOCALIDAD DE CIUDAD BOLÍVAR D.C | B37: FONDO DE DESARROLLO LOCAL DE CIUDAD BOLIVAR | D37: 919999997 | E37: 2017 | F37: =D37/(VLOOKUP(E37,$D$929:$E$962,2,FALSE)) -> 1247.0907 | G37: 0.5 | H37: =F37*G37 -> 623.54534 | I37: 43073 | J37: CUMPLE | K37: CUMPLE | L37: =IF(K37="CUMPLE",H37,0) -> 623.54534 | M37: CUMPLE | N37: CUMPLE | O37: CUMPLE | P37: NO CUMPLE | Q37: CUMPLE
A38: TOTALES | F38: =+SUM(F34:F37) -> 5796.586 | H38: =+SUM(H34:H37) -> 2642.5768 | R38: CUMPLE
A40: =1+A26 -> 3 | E40: =VLOOKUP(A40,'REQUISITOS HAB. TECNICOS'!$A$5:$B$66,2,FALSE) -> MORALBA SANCHEZ ORDOÑEZ
A41: NÚMERO DE CONTRATOS PRESENTADOS | B41: 2 | C41: PRESUPUESTO OFICIAL EN SMMLV | D41: =$D$899 -> 618.89672
A42: PROMEDIO DE SMMLV | C42: =+AVERAGE(H48:H49) -> #DIV/0!
A43: TERMINO DE EJECUCION EXIGIDO | C43: 45631
A44: TOTAL SALARIOS MINIMOS ACREDITADOS | C44: =+IF(H50>D41,"CUMPLE","NO CUMPLE") -> NO CUMPLE
A45: CONDICIONES DE EXPERIENCIA | I45: CONDICION N°. 1 (VER TABLA AL FINAL DE LA HOJA) | J45: CONDICION N°. 2 (VER TABLA AL FINAL DE LA HOJA) | K45: CONDICION N°. 4 (VER TABLA AL FINAL DE LA HOJA) | M45: CONCLUSIÓN EXPERIENCIA GENERAL | N45: CONCLUSIÓN EXPERIENCIA ESPECIFICA 1 intervención de la estructura de pavimento (asfáltico o hidráulico). | O45: CONCLUSIÓN EXPERIENCIA ESPECIFIC 2 intervención de redes de servicios públicos. | P45: CONCLUSIÓN EXPERIENCIA ESPECIFICA 3 CONSTRUCCIÓN O RECONSTRUCCIÓN O REHABILITACIÓN O MEJORAMIENTO O REPAVIMENTACIÓN O PAVIMENTACIÓN en pavimento hidráulico o concreto hidráulico para tráfico vehicular. | Q45: CONCLUSIÓN EXPERIENCIA ESPECIFIC 4 CONSTRUCCIÓN O RECONSTRUCCIÓN REHABILITACIÓN O MEJORAMIENTO O REPAVIMENTACIÓN O PAVIMENTACIÓN en pavimento articulado o adoquinado. | R45: OBSERVACIÓN Y RESPUESTA OBSERVACIONES
A46: Objeto del Contrato | B46: Entidad Contratante | D46: Valor Contrato | E46: Año de ejecución aportado | F46: Valor del Contrato en SMMLV | G46: Participación UT/CONSORCIO | H46: Participación en SMMLV | I46: Término de ejecución aportado | J46: CODIGO UNSPSC SEGMENTOS 80 Y 81 | K46: validez del contrato | L46: Valor exigido 100%SMMLV (618,90)
A47: =VLOOKUP(A40,'[1]LISTA DE OFERENTES'!$A$4:$F$82,5,FALSE) -> 0
A48: InterventoríaalosProyectosdeInfraestructuraSocialyMejoramientodecondicionesdehabitabilidadderivadosdelosconveniossuscritosentreProsperidadSocial-FIPylasEntidadesTerritorialesuotrosoperadores,conelpropósitodeaportaralainclusiónsocioeconómica,lageneracióndeingresos,lasuperacióndelapobrezaylaconsolidacióndeterritoriosdelazona2.PorserproyectosdelcontratoydeexperienciaespecíficasecertificanlosPI3,18,19,20,22,23,24,32,33,34,35,36,37,39,40,43,45,46,49,50,51,58seguncuadroresumen anexo y con sus respectivas certificaciones. | B48: DPS - Departamento Administrativo de Prosperidad Social | D48: 14661105918 | E48: 2021 | F48: =D48/(VLOOKUP(E48,$D$929:$E$962,2,FALSE)) -> 16137.244 | G48: 0.35 | I48: 44255 | J48: CUMPLE | K48: NO CUMPLE | L48: =+H48 -> 0 | M48: NO CUMPLE | N48: NO CUMPLE | O48: NO CUMPLE | P48: NO CUMPLE | Q48: NO CUMPLE | R48: NO SE ACEPTA CERTIFICACIÓN APORTADA, DADO QUE LA EXPERIENCIA GENERAL PARA UN PROYECTO DE INTERVENTORIA DE CONSTRUCCIÓN DE MALLA VIAL ES INTERVENTORÍA A PROYECTOS DE: CONSTRUCCIÓN O RECONSTRUCCIÓN O REHABILITACIÓN O ADECUACIÓN O AMPLIACIÓN O MEJORAMIENTO O MANTENIMIENTO O RECONSTRUCCIÓN O REPAVIMENTACIÓN O PAVIMENTACIÓN O CONSERVACIÓN DE INFRAESTRUCTURA VIAL PARA TRÁFICO VEHICULAR DE VÍAS URBANAS O DE VÍAS PRIMARIAS O SECUNDARIAS ACORDE A LA MATRIZ DE EXPERIENCIA DE PLIEGOS TIPO DE COLOMBIA COMPRA EFICIENTE, ADICIONAL A ELLO NO CUMPLE CON LA EXPERIENCIA ESPECIFICA 3 Y 4
A49: InterventoríaaObrasyDiseñosTécnicosrequeridosporFonadeeneldesarrollodesusprogramaseninfraestructuradeedificaciones,Infraestructuravial,InfraestructuraSaneamientoBásicoyAguaPotableyProyectosEspeciales,RegiónCaribe.Porserproyectosdelcontratoydeexperienciaespecíficasecertificanlosidentificadosconloscódigos1322,1353,1363,1364,1366,1424y1599.seguncuadroresumenanexoyconsus respectivas certificaciones | B49: FONADE | D49: 1803380834 | E49: 2021 | F49: =D49/(VLOOKUP(E49,$D$929:$E$962,2,FALSE)) -> 1984.9524 | G49: 0.25 | I49: 44341 | J49: CUMPLE | K49: NO CUMPLE | L49: =+H49 -> 0 | M49: NO CUMPLE | N49: NO CUMPLE | O49: NO CUMPLE | P49: NO CUMPLE | Q49: NO CUMPLE | R49: NO SE ACEPTA CERTIFICACIÓN APORTADA, DADO QUE LA EXPERIENCIA GENERAL PARA UN PROYECTO DE INTERVENTORIA DE CONSTRUCCIÓN DE MALLA VIAL ES INTERVENTORÍA A PROYECTOS DE: CONSTRUCCIÓN O RECONSTRUCCIÓN O REHABILITACIÓN O ADECUACIÓN O AMPLIACIÓN O MEJORAMIENTO O MANTENIMIENTO O RECONSTRUCCIÓN O REPAVIMENTACIÓN O PAVIMENTACIÓN O CONSERVACIÓN DE INFRAESTRUCTURA VIAL PARA TRÁFICO VEHICULAR DE VÍAS URBANAS O DE VÍAS PRIMARIAS O SECUNDARIAS ACORDE A LA MATRIZ DE EXPERIENCIA DE PLIEGOS TIPO DE COLOMBIA COMPRA EFICIENTE ADICIONAL A ELLO NO CUMPLE CON LA EXPERIENCIA ESPECIFICA 3 Y 4
A50: TOTALES | F50: =+SUM(F48:F49) -> 18122.197 | H50: =+SUM(H48:H49) -> 0 | R50: NO CUMPLE
A52: =1+A40 -> 4 | E52: =VLOOKUP(A52,'REQUISITOS HAB. TECNICOS'!$A$5:$B$66,2,FALSE) -> GRUPO METRO COLOMBIA SAS
A53: NÚMERO DE CONTRATOS PRESENTADOS | B53: 5 | C53: PRESUPUESTO OFICIAL EN SMMLV | D53: =$D$899 -> 618.89672
A54: PROMEDIO DE SMMLV | C54: =+AVERAGE(H60:H64) -> 2199.2607
A55: TERMINO DE EJECUCION EXIGIDO | C55: 45631
A56: TOTAL SALARIOS MINIMOS ACREDITADOS | C56: =+IF(H65>D53,"CUMPLE","NO CUMPLE") -> CUMPLE
A57: CONDICIONES DE EXPERIENCIA | I57: CONDICION N°. 1 (VER TABLA AL FINAL DE LA HOJA) | J57: CONDICION N°. 2 (VER TABLA AL FINAL DE LA HOJA) | K57: CONDICION N°. 4 (VER TABLA AL FINAL DE LA HOJA) | M57: CONCLUSIÓN EXPERIENCIA GENERAL | N57: CONCLUSIÓN EXPERIENCIA ESPECIFICA 1 intervención de la estructura de pavimento (asfáltico o hidráulico). | O57: CONCLUSIÓN EXPERIENCIA ESPECIFIC 2 intervención de redes de servicios públicos. | P57: CONCLUSIÓN EXPERIENCIA ESPECIFICA 3 CONSTRUCCIÓN O RECONSTRUCCIÓN O REHABILITACIÓN O MEJORAMIENTO O REPAVIMENTACIÓN O PAVIMENTACIÓN en pavimento hidráulico o concreto hidráulico para tráfico vehicular. | Q57: CONCLUSIÓN EXPERIENCIA ESPECIFIC 4 CONSTRUCCIÓN O RECONSTRUCCIÓN REHABILITACIÓN O MEJORAMIENTO O REPAVIMENTACIÓN O PAVIMENTACIÓN en pavimento articulado o adoquinado. | R57: OBSERVACIÓN Y RESPUESTA OBSERVACIONES
A58: Objeto del Contrato | B58: Entidad Contratante | D58: Valor Contrato | E58: Año de ejecución aportado | F58: Valor del Contrato en SMMLV | G58: Participación UT/CONSORCIO | H58: Participación en SMMLV | I58: Término de ejecución aportado | J58: CODIGO UNSPSC SEGMENTOS 80 Y 81 | K58: validez del contrato | L58: Valor exigido 100%SMMLV (618,90)
A59: =VLOOKUP(A52,'LISTA DE OFERENTES'!$A$4:$F$82,5,FALSE) -> GRUPO METRO COLOMBIA SAS (100%)
A60: INTERVENTORIA TECNICA, ADMINISTRATIVA, FINANCIERA Y AMBIENTAL PARA LA CONSTRUCCION DE LAS OBRAS FALTANTES DE LA AVENIDA JOSE CELESTINO MUTIS, SECTOR AV. BOYACA - AVENIDA CIUDAD DE CALI (PREDIOS FALTANTES) EN BOGOTA D.C. | B60: INSTITUTO DE DESARROLLO URBANO | D60: 152549000 | E60: 2003 | F60: =D60/(VLOOKUP(E60,$D$929:$E$962,2,FALSE)) -> 459.48494 | G60: 0.33 | H60: =F60*G60 -> 151.63003 | I60: 37956 | J60: CUMPLE | K60: CUMPLE | L60: =IF(K60="CUMPLE",H60,0) -> 151.63003 | M60: CUMPLE | N60: CUMPLE | O60: CUMPLE | P60: CUMPLE | Q60: CUMPLE
A61: INTERVENTORIA TECNICA, ADMINISTRATIVA, FINANCIERA Y AMBIENTAL PARA LA CONSTRUCCIÓN DE LA AVENIDA CIUDAD DE CALI EN EL TRAMO COMPRENDIDO ENTRE LA CALLE 57 B SUR Y LA AVENIDA BOSA EN BOGOTA D.C. | B61: INSTITUTO DE DESARROLLO URBANO | D61: 394780082 | E61: 2005 | F61: =D61/(VLOOKUP(E61,$D$929:$E$962,2,FALSE)) -> 1034.8102 | G61: 1 | H61: =F61*G61 -> 1034.8102 | I61: 38415 | J61: CUMPLE | K61: CUMPLE | L61: =IF(K61="CUMPLE",H61,0) -> 1034.8102 | M61: CUMPLE | N61: CUMPLE | O61: CUMPLE | P61: NO CUMPLE | Q61: NO CUMPLE
A62: INTERVENTORIA TECNICA, ADMINISTRATIVA, FINANCIERA Y AMBIENTAL PARA LA CONSTRUCCION Y REHABILITACION DE RUTAS ALIMENTADORAS DEL SISTEMA TRANSMILENIO, ZONA 7, GRUPO 3 EN BOGOTA D.C., CON FINANCIACION DEL BANCO MUNDIAL EN BOGOTÁ D.C. | B62: INSTITUTO DE DESARROLLO URBANO | D62: 594372400 | E62: 2007 | F62: =D62/(VLOOKUP(E62,$D$929:$E$962,2,FALSE)) -> 1370.469 | G62: 1 | H62: =F62*G62 -> 1370.469 | I62: 39286 | J62: CUMPLE | K62: CUMPLE | L62: =IF(K62="CUMPLE",H62,0) -> 1370.469 | M62: CUMPLE | N62: CUMPLE | O62: CUMPLE | P62: CUMPLE | Q62: NO CUMPLE
A63: INTERVENTORÍATÉCNICA,ADMINISTRATIVA,FINANCIERA,SOCIALYAMBIENTALPARALAADECUACIÓNDELACONDICIÓNFUNCIONALVIALDELOSCORREDORESPRETRONCALESYALIMENTADORESDELSISTEMAINTEGRADODETRANSPORTEMASIVOSITM–MIO”GRUPOS1,2Y3SANTIAGODECALIESPECIFICAMENTEEN LA ETAPA DE CONSTRUCCION Y PRECONSTRUCCION | B63: METRO CALI S.A | D63: 4737162370 | E63: 2015 | F63: =D63/(VLOOKUP(E63,$D$929:$E$962,2,FALSE)) -> 7351.8466 | G63: 0.9 | H63: =F63*G63 -> 6616.662 | I63: 42094 | J63: CUMPLE | K63: CUMPLE | L63: =IF(K63="CUMPLE",H63,0) -> 6616.662 | M63: CUMPLE | N63: CUMPLE | O63: NO CUMPLE | P63: CUMPLE | Q63: NO CUMPLE
A64: REALIZARLAINTERVENTORÍATÉCNICA,ADMINISTRATIVA,FINANCIERA,JURIDICA,SOCIAL,AMBIENTALYSSTALCONTRATODEOBRAPUBLICAQUETENDRÁPOROBJETO:CONTRATARAPRECIOSFIJOSYAMONTOAGOTABLELACOMPLEMENTACIÓNY/OACTUALIZACIÓNY/OAJUSTESDEDISEÑOSYCONSTRUCCIÓNORECONSTRUCCIÓNDELAMALLAVIAL,DELALOCALIDADDECIUDADBOLÍVAR,ENBOGOTÁ D.C. | B64: ALCALDIA LOCAL DE CIUDAD BOLIVAR | D64: 1600000000 | E64: 2020 | F64: =D64/(VLOOKUP(E64,$D$929:$E$962,2,FALSE)) -> 1822.7324 | G64: 1 | H64: =F64*G64 -> 1822.7324 | I64: 43875 | J64: CUMPLE | K64: CUMPLE | L64: =IF(K64="CUMPLE",H64,0) -> 1822.7324 | M64: CUMPLE | N64: CUMPLE | O64: CUMPLE | P64: CUMPLE | Q64: NO CUMPLE
A65: TOTALES | F65: =+SUM(F60:F64) -> 12039.343 | H65: =+SUM(H60:H64) -> 10996.304 | R65: CUMPLE
A67: =1+A52 -> 5 | E67: =VLOOKUP(A67,'REQUISITOS HAB. TECNICOS'!$A$5:$B$66,2,FALSE) -> CONSORCIO INTER CGS F1
A68: NÚMERO DE CONTRATOS PRESENTADOS | B68: 5 | C68: PRESUPUESTO OFICIAL EN SMMLV | D68: =$D$899 -> 618.89672
A69: PROMEDIO DE SMMLV | C69: =+AVERAGE(H75:H80) -> 2283.3173
A70: TERMINO DE EJECUCION EXIGIDO | C70: 45631
A71: TOTAL SALARIOS MINIMOS ACREDITADOS | C71: =+IF(H81>D68,"CUMPLE","NO CUMPLE") -> CUMPLE
A72: CONDICIONES DE EXPERIENCIA | I72: CONDICION N°. 1 (VER TABLA AL FINAL DE LA HOJA) | J72: CONDICION N°. 2 (VER TABLA AL FINAL DE LA HOJA) | K72: CONDICION N°. 4 (VER TABLA AL FINAL DE LA HOJA) | M72: CONCLUSIÓN EXPERIENCIA GENERAL | N72: CONCLUSIÓN EXPERIENCIA ESPECIFICA 1 intervención de la estructura de pavimento (asfáltico o hidráulico). | O72: CONCLUSIÓN EXPERIENCIA ESPECIFIC 2 intervención de redes de servicios públicos. | P72: CONCLUSIÓN EXPERIENCIA ESPECIFICA 3 CONSTRUCCIÓN O RECONSTRUCCIÓN O REHABILITACIÓN O MEJORAMIENTO O REPAVIMENTACIÓN O PAVIMENTACIÓN en pavimento hidráulico o concreto hidráulico para tráfico vehicular. | Q72: CONCLUSIÓN EXPERIENCIA ESPECIFIC 4 CONSTRUCCIÓN O RECONSTRUCCIÓN REHABILITACIÓN O MEJORAMIENTO O REPAVIMENTACIÓN O PAVIMENTACIÓN en pavimento articulado o adoquinado. | R72: OBSERVACIÓN Y RESPUESTA OBSERVACIONES
A73: Objeto del Contrato | B73: Entidad Contratante | D73: Valor Contrato | E73: Año de ejecución aportado | F73: Valor del Contrato en SMMLV | G73: Participación UT/CONSORCIO | H73: Participación en SMMLV | I73: Término de ejecución aportado | J73: CODIGO UNSPSC SEGMENTOS 80 Y 81 | K73: validez del contrato | L73: Valor exigido 100%SMMLV (618,90)
A74: =VLOOKUP(A67,'[1]LISTA DE OFERENTES'!$A$4:$F$82,5,FALSE) -> CONSULTORIA VIAL S.A.S 50%
A75: INTERVENTORÍA TÉCNICA, ADMINISTRATIVA Y FINANCIERA PROYECTO: "CONSTRUCCIÓN DE PAVIMENTO RÍGIDO Y MEJORAMIENTO EN PLACA HUELLA EN DIFERENTES MUNICIPIOS DEL DEPARTAMENTO DE CÓRDOBA" | B75: GOBERNACION DE CORDOBA | D75: 2615214710 | E75: 2020 | F75: =D75/(VLOOKUP(E75,$D$929:$E$962,2,FALSE)) -> 2979.2729 | G75: 0.9 | H75: =F75*G75 -> 2681.3456 | I75: 44196 | J75: CUMPLE | K75: CUMPLE | L75: =IF(K75="CUMPLE",H75,0) -> 2681.3456 | M75: CUMPLE | N75: CUMPLE | O75: NO CUMPLE | P75: NO CUMPLE | Q75: NO CUMPLE
A76: INTERVENTORÍA TÉCNICA, ADMINISTRATIVA, FINANCIERA CONSTRUCCIÓN DE LA INTERSECCIÓN DE LA CARRERA SEGUNDA CON AVENIDA CIRCUNVALAR EN EL MUNICIPIO DE MONTERÍA, CÓRDOBA | B76: GOBERNACION DE CORDOBA | D76: 1734708931 | E76: 2019 | F76: =D76/(VLOOKUP(E76,$D$929:$E$962,2,FALSE)) -> 2094.7656 | G76: 0.9 | H76: =F76*G76 -> 1885.2891 | I76: 43731 | J76: CUMPLE | K76: CUMPLE | L76: =IF(K76="CUMPLE",H76,0) -> 1885.2891 | M76: CUMPLE | N76: CUMPLE | O76: NO CUMPLE | P76: NO CUMPLE | Q76: NO CUMPLE
A77: =VLOOKUP(A67,'[1]LISTA DE OFERENTES'!$A$4:$F$82,6,FALSE) -> GRUPO INFRAESTRUCTURA COLOMBIA SAS 40%
A78: INTERVENTORIA PARA LA REHABILITACION Y MEJORAMIENTO DE LA VIA PUENTE CAMACHO - GARAGOA - LAS JUNTAS PR00 + 000 AL PR75 - 000, CON UNA LONGITUD DE 62,7 KM, DEPARTAMENTO DE BOYACA. | B78: INVIAS | D78: 7475633600 | E78: 2018 | F78: =D78/(VLOOKUP(E78,$D$929:$E$962,2,FALSE)) -> 9568.909 | G78: 0.3 | I78: 43357 | J78: CUMPLE | K78: NO CUMPLE | L78: =IF(K78="CUMPLE",H78,0) -> 0 | M78: NO CUMPLE | N78: NO CUMPLE | O78: NO CUMPLE | P78: NO CUMPLE | Q78: NO CUMPLE | R78: NO SE ACEPTA CERTIFICACIÓN APORTADA, DADO QUE LA EXPERIENCIA GENERAL PARA UN PROYECTO DE INTERVENTORIA DE CONSTRUCCIÓN DE MALLA VIAL ES INTERVENTORÍA A PROYECTOS DE: CONSTRUCCIÓN O RECONSTRUCCIÓN O REHABILITACIÓN O ADECUACIÓN O AMPLIACIÓN O MEJORAMIENTO O MANTENIMIENTO O RECONSTRUCCIÓN O REPAVIMENTACIÓN O PAVIMENTACIÓN O CONSERVACIÓN DE INFRAESTRUCTURA VIAL PARA TRÁFICO VEHICULAR DE VÍAS URBANAS O DE VÍAS PRIMARIAS O SECUNDARIAS ACORDE A LA MATRIZ DE EXPERIENCIA DE PLIEGOS TIPO DE COLOMBIA COMPRA EFICIENTE NOTA 1 Nota 1: No se aceptará experiencia en contratos cuyo objeto o alcance sea exclusivamente en cualquiera de las siguientes actividades de interventoría de obra: componentes de seguridad vial o semaforización o puentes.
A79: INTERVENTORIA PARA EL MEJORAMIENTO, GESTION PREDIAL Y AMBIENTAL DEL PROYECTO TRONCAL CENTRAL DEL NORTE PARA EL PROGRAMA "VIAS PARA LA EQUIDAD" MODULO 3 | B79: INVIAS | D79: 6114709815 | E79: 2019 | F79: =D79/(VLOOKUP(E79,$D$929:$E$962,2,FALSE)) -> 7383.8808 | G79: 0.2 | I79: 43629 | J79: CUMPLE | K79: NO CUMPLE | L79: =IF(K79="CUMPLE",H79,0) -> 0 | M79: NO CUMPLE | N79: NO CUMPLE | O79: NO CUMPLE | P79: NO CUMPLE | Q79: NO CUMPLE | R79: NO SE ACEPTA CERTIFICACIÓN APORTADA, DADO QUE LA EXPERIENCIA GENERAL PARA UN PROYECTO DE INTERVENTORIA DE CONSTRUCCIÓN DE MALLA VIAL ES INTERVENTORÍA A PROYECTOS DE: CONSTRUCCIÓN O RECONSTRUCCIÓN O REHABILITACIÓN O ADECUACIÓN O AMPLIACIÓN O MEJORAMIENTO O MANTENIMIENTO O RECONSTRUCCIÓN O REPAVIMENTACIÓN O PAVIMENTACIÓN O CONSERVACIÓN DE INFRAESTRUCTURA VIAL PARA TRÁFICO VEHICULAR DE VÍAS URBANAS O DE VÍAS PRIMARIAS O SECUNDARIAS ACORDE A LA MATRIZ DE EXPERIENCIA DE PLIEGOS TIPO DE COLOMBIA COMPRA EFICIENTE
A80: INTERVENTORÍA PARA EL MEJORAMIENTO, GESTION PREDIAL, SOCIAL Y AMBIENTAL DEL PROYECTO TRANSVERSAL DE BOYACA TRAMOS OTANCHE CHIQUINQUIRA, RUTA 6007 Y CRUCW RUTA 45(DOS Y MEDIO) OTANCHE (RUTA 6006) EN EL DEPARTAMENTO DE BOYACA PARA EL PROGRAMA "VIAS PARA LA EQUIDAD” MODULO 3 | B80: INVIAS | D80: 11275841513 | E80: 2021 | F80: =D80/(VLOOKUP(E80,$D$929:$E$962,2,FALSE)) -> 12411.138 | G80: 0.1 | I80: 44347 | J80: CUMPLE | K80: NO CUMPLE | L80: =IF(K80="CUMPLE",H80,0) -> 0 | M80: NO CUMPLE | N80: CUMPLE | O80: CUMPLE | P80: CUMPLE | Q80: CUMPLE | R80: Valores en SMMLV no coinciden en la tabla Exp, y revisados los RUP no se envidencia dicha información
A81: TOTALES | F81: =+SUM(F75:F80) -> 34437.966 | H81: =+SUM(H75:H80) -> 4566.6347 | R81: NO CUMPLE
A83: =1+A67 -> 6 | E83: =VLOOKUP(A83,'REQUISITOS HAB. TECNICOS'!$A$5:$B$66,2,FALSE) -> INGENIEROS CONSTRUCTORES Y ASESORES SAS
A84: NÚMERO DE CONTRATOS PRESENTADOS | B84: 3 | C84: PRESUPUESTO OFICIAL EN SMMLV | D84: =$D$899 -> 618.89672
A85: PROMEDIO DE SMMLV | C85: =+AVERAGE(H91:H93) -> 911.90592
A86: TERMINO DE EJECUCION EXIGIDO | C86: 45631
A87: TOTAL SALARIOS MINIMOS ACREDITADOS | C87: =+IF(H94>D84,"CUMPLE","NO CUMPLE") -> CUMPLE
A88: CONDICIONES DE EXPERIENCIA | I88: CONDICION N°. 1 (VER TABLA AL FINAL DE LA HOJA) | J88: CONDICION N°. 2 (VER TABLA AL FINAL DE LA HOJA) | K88: CONDICION N°. 4 (VER TABLA AL FINAL DE LA HOJA) | M88: EXPERIENCIA GENERAL | N88: CONCLUSIÓN EXPERIENCIA ESPECIFICA 1 intervención de la estructura de pavimento (asfáltico o hidráulico). | O88: CONCLUSIÓN EXPERIENCIA ESPECIFIC 2 intervención de redes de servicios públicos. | P88: CONCLUSIÓN EXPERIENCIA ESPECIFICA 3 CONSTRUCCIÓN O RECONSTRUCCIÓN O REHABILITACIÓN O MEJORAMIENTO O REPAVIMENTACIÓN O PAVIMENTACIÓN en pavimento hidráulico o concreto hidráulico para tráfico vehicular. | Q88: CONCLUSIÓN EXPERIENCIA ESPECIFIC 4 CONSTRUCCIÓN O RECONSTRUCCIÓN REHABILITACIÓN O MEJORAMIENTO O REPAVIMENTACIÓN O PAVIMENTACIÓN en pavimento articulado o adoquinado. | R88: OBSERVACIÓN Y RESPUESTA OBSERVACIONES
A89: Objeto del Contrato | B89: Entidad Contratante | D89: Valor Contrato | E89: Año de ejecución aportado | F89: Valor del Contrato en SMMLV | G89: Participación UT/CONSORCIO | H89: Participación en SMMLV | I89: Término de ejecución aportado | J89: CODIGO UNSPSC SEGMENTOS 80 Y 81 | K89: validez del contrato | L89: Valor exigido 100%SMMLV (618,90)
A90: =VLOOKUP(A83,'LISTA DE OFERENTES'!$A$4:$F$82,5,FALSE) -> INGENIEROS CONSTRUCTORES Y ASESORES SAS (100%)
A91: INTERVENTORIA TECNICA, ADMINISTRATIVA, FIANCIERA Y JURIDICA PARA LOS TRABAJOS DE MANTENIMIENTO CON ACCIONES PUNTUALES DE BACHEO Y REHABILITACION EN LA MALLA VIAL URBANA DE CUCUTA | B91: ALCALDIA MUNICIPAL DE SAN JOSE DE CUCUTA | D91: 847209044 | E91: 2021 | F91: =D91/(VLOOKUP(E91,$D$929:$E$962,2,FALSE)) -> 932.50941 | G91: 1 | H91: =F91*G91 -> 932.50941 | I91: 44393 | J91: CUMPLE | K91: CUMPLE | L91: =IF(K91="CUMPLE",H91,0) -> 932.50941 | M91: CUMPLE | N91: CUMPLE | O91: NO CUMPLE | P91: CUMPLE | Q91: NO CUMPLE | R91: LAS CERTIFICACIONES APORTADAS NO CUMPLEN CON LA EXPERIENCIA ESPECIFICA 4 CONSTRUCCIÓN O RECONSTRUCCIÓN REHABILITACIÓN O MEJORAMIENTO O REPAVIMENTACIÓN O PAVIMENTACIÓN EN PAVIMENTO ARTICULADO O ADOQUINADO
A92: CONTINUACION DE LA INTERVENTORIA TECNICA, ADMINISTRATIVA, FINANCIERA, SOCIAL, AMBIENTAL Y SISTEMA DE SEGURIDAD Y SALUD EN EL TRABAJO-SGSST DEL CONTRATO DE OBRA 101 DE 2018 QUE TIENE POR OBJETO “REALIZAR A PRECIO GLOBAL FIJO LA ACTUALIZACIÓN, AJUSTES Y/O COMPLEMENTACIÓN DE LOS ESTUDIOS Y DISEÑOS Y A MONTO AGOTABLE LA CONSTRUCCIÓN DEL TRAMO FALTANTE DEL PROYECTO RAPS NIEVES UBICADO EN LA CARRERA 4 ENTRE CALLES 13 Y 10 EN LA LOCALIDAD DE CANDELARIA EN BOGOTA D.C. | B92: FONDO DE DESARROLLO LOCAL DE LA CANDELARIA | D92: 504558537 | E92: 2021 | F92: =D92/(VLOOKUP(E92,$D$929:$E$962,2,FALSE)) -> 555.35949 | G92: 1 | H92: =F92*G92 -> 555.35949 | I92: 44427 | J92: CUMPLE | K92: CUMPLE | L92: =IF(K92="CUMPLE",H92,0) -> 555.35949 | M92: CUMPLE | N92: CUMPLE | O92: CUMPLE | P92: CUMPLE | Q92: NO CUMPLE | R92: LAS CERTIFICACIONES APORTADAS NO CUMPLEN CON LA EXPERIENCIA ESPECIFICA 4 CONSTRUCCIÓN O RECONSTRUCCIÓN REHABILITACIÓN O MEJORAMIENTO O REPAVIMENTACIÓN O PAVIMENTACIÓN EN PAVIMENTO ARTICULADO O ADOQUINADO
A93: INTERVENTORÍA TECNICA, ADMINISTRATIVA, FINANCIERA, AMBIENTAL, LEGAL, AL MEJORAMIENTO DE LA VIA JAPON – FRAILES EN EL MUNICIPIO DE DOSQUEBRADAS, DEPARTAMENTO DE RISARALDA | B93: DEPARTAMENTO DE RISARALDA | D93: 1447504686 | E93: 2023 | F93: =D93/(VLOOKUP(E93,$D$929:$E$962,2,FALSE)) -> 1247.8489 | G93: 1 | H93: =F93*G93 -> 1247.8489 | I93: 45036 | J93: CUMPLE | K93: CUMPLE | L93: =IF(K93="CUMPLE",H93,0) -> 1247.8489 | M93: CUMPLE | N93: CUMPLE | O93: NO CUMPLE | P93: CUMPLE | Q93: NO CUMPLE | R93: LAS CERTIFICACIONES APORTADAS NO CUMPLEN CON LA EXPERIENCIA ESPECIFICA 4 CONSTRUCCIÓN O RECONSTRUCCIÓN REHABILITACIÓN O MEJORAMIENTO O REPAVIMENTACIÓN O PAVIMENTACIÓN EN PAVIMENTO ARTICULADO O ADOQUINADO
A94: TOTALES | F94: =+SUM(F91:F93) -> 2735.7178 | H94: =+SUM(H91:H93) -> 2735.7178 | R94: NO CUMPLE
A96: =1+A83 -> 7 | E96: =VLOOKUP(A96,'REQUISITOS HAB. TECNICOS'!$A$5:$B$66,2,FALSE) -> GPM PROYECTOS DE INGENIERIA SAS
A97: NÚMERO DE CONTRATOS PRESENTADOS | B97: 3 | C97: PRESUPUESTO OFICIAL EN SMMLV | D97: =$D$899 -> 618.89672
A98: PROMEDIO DE SMMLV | C98: =+AVERAGE(H104:H106) -> 1427.777
A99: TERMINO DE EJECUCION EXIGIDO | C99: 45631
A100: TOTAL SALARIOS MINIMOS ACREDITADOS | C100: =+IF(H107>D97,"CUMPLE","NO CUMPLE") -> CUMPLE
A101: CONDICIONES DE EXPERIENCIA | I101: CONDICION N°. 1 (VER TABLA AL FINAL DE LA HOJA) | J101: CONDICION N°. 2 (VER TABLA AL FINAL DE LA HOJA) | K101: CONDICION N°. 4 (VER TABLA AL FINAL DE LA HOJA) | M101: CONCLUSIÓN EXPERIENCIA GENERAL | N101: CONCLUSIÓN EXPERIENCIA ESPECIFICA 1 intervención de la estructura de pavimento (asfáltico o hidráulico). | O101: CONCLUSIÓN EXPERIENCIA ESPECIFIC 2 intervención de redes de servicios públicos. | P101: CONCLUSIÓN EXPERIENCIA ESPECIFICA 3 CONSTRUCCIÓN O RECONSTRUCCIÓN O REHABILITACIÓN O MEJORAMIENTO O REPAVIMENTACIÓN O PAVIMENTACIÓN en pavimento hidráulico o concreto hidráulico para tráfico vehicular. | Q101: CONCLUSIÓN EXPERIENCIA ESPECIFIC 4 CONSTRUCCIÓN O RECONSTRUCCIÓN REHABILITACIÓN O MEJORAMIENTO O REPAVIMENTACIÓN O PAVIMENTACIÓN en pavimento articulado o adoquinado. | R101: OBSERVACIÓN Y RESPUESTA OBSERVACIONES
A102: Objeto del Contrato | B102: Entidad Contratante | D102: Valor Contrato | E102: Año de ejecución aportado | F102: Valor del Contrato en SMMLV | G102: Participación UT/CONSORCIO | H102: Participación en SMMLV | I102: Término de ejecución aportado | J102: CODIGO UNSPSC SEGMENTOS 80 Y 81 | K102: validez del contrato | L102: Valor exigido 100%SMMLV (618,90)
A103: =VLOOKUP(A96,'[1]LISTA DE OFERENTES'!$A$4:$F$82,5,FALSE) -> 0
A104: INTERVENTORÍA TÉCNICA, ADMINISTRATIVA Y FINANCIERA PARA LA CONSTRUCCIÓN DE OBRAS DE INFRAESTRUCTURA VIAL Y DE SERVICIOS PÚBLICOS, TRANSITO, LA GESTIÓN SOCIAL Y AMBIENTAL PARA LA OBRA IDENTIFICADA ASÍ: MG-03 AMPLIACIÓN DE LA VÍA A PANCE HASTA LA VORAGINE INCLUYE CICLO RUTA, QUE FORMA PARTE DEL PLAN DE LAS MEGAOBRAS APROBADAS MEDIANTE EL ACUERDO 0241 DE 2008 | B104: MUNICIPIO DE SANTIAGO DE CALI - SECRETARIA DE INFRAESTRUCTURA Y VALORIZACION | D104: 3832935940 | E104: 2020 | F104: =D104/(VLOOKUP(E104,$D$929:$E$962,2,FALSE)) -> 4366.5104 | G104: 0.5 | H104: =F104*G104 -> 2183.2552 | I104: 44153 | J104: CUMPLE | K104: CUMPLE | L104: =IF(K104="CUMPLE",H104,0) -> 2183.2552 | M104: CUMPLE | N104: CUMPLE | O104: NO CUMPLE | P104: NO CUMPLE | Q104: NO CUMPLE
A105: INTERVENTORÍA INTEGRAL AL CONTRATO DE OBRA CONSTRUCCIÓN DE OBRAS DE INFRAESTRUCTURA VIAL, Y SUS OBRAS COMPLEMENTARIAS, NECESARIAS PARA EL DESARROLLO DEL PROYECTO URBANÍSTICO DEL BARRIO SAN PASCUAL, COMUNA 3 EN SANTIAGO DE CALI | B105: MUNICIPIO DE SANTIAGO DE CALI - SECRETARIA DE INFRAESTRUCTURA | D105: 1526717640 | E105: 2022 | F105: =D105/(VLOOKUP(E105,$D$929:$E$962,2,FALSE)) -> 1526.7176 | G105: 1 | H105: =F105*G105 -> 1526.7176 | I105: 44838 | J105: CUMPLE | K105: CUMPLE | L105: =IF(K105="CUMPLE",H105,0) -> 1526.7176 | M105: CUMPLE | N105: CUMPLE | O105: CUMPLE | P105: CUMPLE | Q105: CUMPLE
A106: INTERVENTORÍA TÉCNICA, ADMINISTRATIVA Y FINANCIERA PARA LA CONSTRUCCIÓN DE OBRAS DE INFRAESTRUCTURA VIAL Y DE SERVICIOS PÚBLICOS, TRANSITO, LA GESTIÓN SOCIAL Y AMBIENTAL PARA LA CONSTRUCCION DE LAS SIGUIENTES OBRAS IDENTIFICADAS ASÍ: MG-06-02 CARRERA 1D ENTRE 73A Y 84, MG-07-02 CARRERA 29 ENTRE 34A Y DIAG 30 Y MG-07-03: CARRERA 28D ENTRE CALLES 44 Y 54, QUE FORMA PARTE DEL PLAN DE LAS MEGAOBRAS APROBADAS MEDIANTE EL ACUERDO 0241 DE 2008 | B106: MUNICIPIO DE SANTIAGO DE CALI - SECRETARIA DE INFRAESTRUCTURA Y VALORIZACION | D106: 1129441726 | E106: 2016 | F106: =D106/(VLOOKUP(E106,$D$929:$E$962,2,FALSE)) -> 1638.166 | G106: 0.35 | H106: =F106*G106 -> 573.35809 | I106: 42395 | J106: CUMPLE | K106: CUMPLE | L106: =IF(K106="CUMPLE",H106,0) -> 573.35809 | M106: CUMPLE | N106: CUMPLE | O106: CUMPLE | P106: CUMPLE | Q106: NO CUMPLE
A107: TOTALES | F107: =+SUM(F104:F106) -> 7531.394 | H107: =+SUM(H104:H106) -> 4283.3309 | R107: CUMPLE
A109: =1+A96 -> 8 | E109: =VLOOKUP(A109,'REQUISITOS HAB. TECNICOS'!$A$5:$B$66,2,FALSE) -> CONSORCIO MODELIA 24
...

Sheet REQUISITOS HAB. TECNICOS
A1: FONDO DE DESARROLLO LOCAL DE FONTIBÓN
A2: FDLF-CMA-001-2024
A3: REQUISITOS HABILITANTES TÉCNICOS
A4: No. | B4: OFERENTE | C4: FORMATO 8 - ACEPTACIÓN Y CUMPLIMIENTO PERSONAL CLAVE | D4: EXIGENCIA MINIMA DE LA EXPERIENCIA | E4: OFERTA ECONOMICA | F4: CONSOLIDADO | G4: OBSERVACIONES
A5: 1 | B5: ='LISTA DE OFERENTES'!B4 -> CONSORCIO INTERVIALES PCI-PC | C5: CUMPLE | D5: =+'EXPERIENCIA DEL PROPONENTE'!R24 -> CUMPLE | E5: CUMPLE | F5: CUMPLE
A6: =A5+1 -> 2 | B6: ='LISTA DE OFERENTES'!B5 -> CONSORCIO VÍAS FONTIBÓN 2025 | C6: CUMPLE | D6: =+'EXPERIENCIA DEL PROPONENTE'!R38 -> CUMPLE | E6: CUMPLE | F6: CUMPLE
A7: =A6+1 -> 3 | B7: ='LISTA DE OFERENTES'!B6 -> MORALBA SANCHEZ ORDOÑEZ | C7: CUMPLE | D7: =+'EXPERIENCIA DEL PROPONENTE'!R50 -> NO CUMPLE | E7: CUMPLE | F7: NO CUMPLE
A8: =A7+1 -> 4 | B8: ='LISTA DE OFERENTES'!B7 -> GRUPO METRO COLOMBIA SAS | C8: CUMPLE | D8: =+'EXPERIENCIA DEL PROPONENTE'!R65 -> CUMPLE | E8: CUMPLE | F8: CUMPLE
A9: =A8+1 -> 5 | B9: ='LISTA DE OFERENTES'!B8 -> CONSORCIO INTER CGS F1 | C9: CUMPLE | D9: =+'EXPERIENCIA DEL PROPONENTE'!R81 -> NO CUMPLE | E9: CUMPLE | F9: NO CUMPLE
A10: =A9+1 -> 6 | B10: ='LISTA DE OFERENTES'!B9 -> INGENIEROS CONSTRUCTORES Y ASESORES SAS | C10: CUMPLE | D10: =+'EXPERIENCIA DEL PROPONENTE'!R94 -> NO CUMPLE | E10: CUMPLE | F10: NO CUMPLE
A11: =A10+1 -> 7 | B11: ='LISTA DE OFERENTES'!B10 -> GPM PROYECTOS DE INGENIERIA SAS | C11: CUMPLE | D11: =+'EXPERIENCIA DEL PROPONENTE'!R107 -> CUMPLE | E11: CUMPLE | F11: CUMPLE
A12: =A11+1 -> 8 | B12: ='LISTA DE OFERENTES'!B11 -> CONSORCIO MODELIA 24 | C12: CUMPLE | D12: =+'EXPERIENCIA DEL PROPONENTE'!R122 -> NO CUMPLE | E12: CUMPLE | F12: NO CUMPLE
A13: =A12+1 -> 9 | B13: ='LISTA DE OFERENTES'!B12 -> UNIÓN TEMPORAL ROADS 402 | C13: CUMPLE | D13: =+'EXPERIENCIA DEL PROPONENTE'!R136 -> CUMPLE | E13: CUMPLE | F13: CUMPLE
A14: =A13+1 -> 10 | B14: ='LISTA DE OFERENTES'!B13 -> CONSORCIO MALLA VIAL 206 | C14: CUMPLE | D14: =+'EXPERIENCIA DEL PROPONENTE'!R148 -> NO CUMPLE | E14: CUMPLE | F14: NO CUMPLE
A15: =A14+1 -> 11 | B15: ='LISTA DE OFERENTES'!B14 -> INTERVENTORIA Y CONSTRUCIVILES SAS | C15: CUMPLE | D15: =+'EXPERIENCIA DEL PROPONENTE'!R161 -> NO CUMPLE | E15: CUMPLE | F15: NO CUMPLE
A16: =A15+1 -> 12 | B16: ='LISTA DE OFERENTES'!B15 -> EMPROCIV SAS | C16: CUMPLE | D16: =+'EXPERIENCIA DEL PROPONENTE'!R174 -> CUMPLE | E16: CUMPLE | F16: CUMPLE
A17: =A16+1 -> 13 | B17: ='LISTA DE OFERENTES'!B16 -> CONSORCIO NOGAALL-LITORAL | C17: CUMPLE | D17: =+'EXPERIENCIA DEL PROPONENTE'!R189 -> CUMPLE | E17: CUMPLE | F17: CUMPLE
A18: =A17+1 -> 14 | B18: ='LISTA DE OFERENTES'!B17 -> GRUCOING SAS | C18: CUMPLE | D18: =+'EXPERIENCIA DEL PROPONENTE'!R201 -> CUMPLE | E18: CUMPLE | F18: CUMPLE
A19: =A18+1 -> 15 | B19: ='LISTA DE OFERENTES'!B18 -> CONSORCIO ESPACIOS TVH | C19: CUMPLE | D19: =+'EXPERIENCIA DEL PROPONENTE'!R216 -> CUMPLE | E19: CUMPLE | F19: CUMPLE
A20: =A19+1 -> 16 | B20: ='LISTA DE OFERENTES'!B19 -> CONSORCIO VIAS Y ESP | C20: CUMPLE | D20: =+'EXPERIENCIA DEL PROPONENTE'!R228 -> NO CUMPLE | E20: CUMPLE | F20: NO CUMPLE
A21: =A20+1 -> 17 | B21: ='LISTA DE OFERENTES'!B20 -> CONSORCIO FONTIBON GM | C21: CUMPLE | D21: =+'EXPERIENCIA DEL PROPONENTE'!R240 -> NO CUMPLE | E21: CUMPLE | F21: NO CUMPLE
A22: =A21+1 -> 18 | B22: ='LISTA DE OFERENTES'!B21 -> CONSORCIO I.D. FONTIBÓN | C22: CUMPLE | D22: =+'EXPERIENCIA DEL PROPONENTE'!R253 -> NO CUMPLE | E22: CUMPLE | F22: NO CUMPLE
A23: =A22+1 -> 19 | B23: ='LISTA DE OFERENTES'!B22 -> CONSORCIO LG FONTIBÓN | C23: CUMPLE | D23: =+'EXPERIENCIA DEL PROPONENTE'!R268 -> CUMPLE | E23: CUMPLE | F23: CUMPLE
A24: =A23+1 -> 20 | B24: ='LISTA DE OFERENTES'!B23 -> INTERSA S.A | C24: CUMPLE | D24: =+'EXPERIENCIA DEL PROPONENTE'!R283 -> NO CUMPLE | E24: CUMPLE | F24: NO CUMPLE
A25: =A24+1 -> 21 | B25: ='LISTA DE OFERENTES'!B24 -> CODIPRO INGENIERIA Y ARQUITECTURA LTDA. CONSTRUCCIONES, DISEÑOS Y PROYECTOS | C25: CUMPLE | D25: =+'EXPERIENCIA DEL PROPONENTE'!R297 -> NO CUMPLE | E25: CUMPLE | F25: NO CUMPLE
A26: =A25+1 -> 22 | B26: ='LISTA DE OFERENTES'!B25 -> CONSORCIO INGESCOR R 2024 | C26: CUMPLE | D26: =+'EXPERIENCIA DEL PROPONENTE'!R313 -> NO CUMPLE | E26: CUMPLE | F26: CUMPLE
A27: =A26+1 -> 23 | B27: ='LISTA DE OFERENTES'!B26 -> CONSORCIO INTERVIAL URBANO | C27: CUMPLE | D27: =+'EXPERIENCIA DEL PROPONENTE'!R327 -> CUMPLE | E27: CUMPLE | F27: CUMPLE
A28: =A27+1 -> 24 | B28: ='LISTA DE OFERENTES'!B27 -> VELNEC SA | C28: CUMPLE | D28: =+'EXPERIENCIA DEL PROPONENTE'!R342 -> CUMPLE | E28: CUMPLE | F28: CUMPLE
A29: =A28+1 -> 25 | B29: ='LISTA DE OFERENTES'!B28 -> CONSORCIO INTERFONTIBON 2024 | C29: CUMPLE | D29: =+'EXPERIENCIA DEL PROPONENTE'!R357 -> NO CUMPLE | E29: CUMPLE | F29: NO CUMPLE
A30: =A29+1 -> 26 | B30: ='LISTA DE OFERENTES'!B29 -> ING INGENIERIA S.A.S | C30: CUMPLE | D30: =+'EXPERIENCIA DEL PROPONENTE'!R369 -> NO CUMPLE | E30: CUMPLE | F30: NO CUMPLE
A31: =A30+1 -> 27 | B31: ='LISTA DE OFERENTES'!B30 -> CONSORCIO FATIMA | C31: CUMPLE | D31: =+'EXPERIENCIA DEL PROPONENTE'!R383 -> NO CUMPLE | E31: CUMPLE | F31: NO CUMPLE
A32: =A31+1 -> 28 | B32: ='LISTA DE OFERENTES'!B31 -> GEOTECNIA Y CIMIENTOS INGEOCIM S.A.S. | C32: CUMPLE | D32: =+'EXPERIENCIA DEL PROPONENTE'!R398 -> NO CUMPLE | E32: CUMPLE | F32: NO CUMPLE
A33: =A32+1 -> 29 | B33: ='LISTA DE OFERENTES'!B32 -> CONSORCIO FONTIBON JINT 001 | C33: CUMPLE | D33: =+'EXPERIENCIA DEL PROPONENTE'!R415 -> NO CUMPLE | E33: CUMPLE | F33: NO CUMPLE
A34: =A33+1 -> 30 | B34: ='LISTA DE OFERENTES'!B33 -> CONSORCIO ALIANZA BOGOTA | C34: CUMPLE | D34: =+'EXPERIENCIA DEL PROPONENTE'!R427 -> CUMPLE | E34: CUMPLE | F34: CUMPLE
A35: =A34+1 -> 31 | B35: ='LISTA DE OFERENTES'!B34 -> CONSORCIO FEM – 34 | C35: CUMPLE | D35: =+'EXPERIENCIA DEL PROPONENTE'!R442 -> CUMPLE | E35: NO CUMPLE | F35: NO CUMPLE | G35: DENTRO DE LA DOCUMENTACION APORTADA NO SE ENCUENTRA LA OFERTA ECONOMICA
A36: =A35+1 -> 32 | B36: ='LISTA DE OFERENTES'!B35 -> CONSORCIO INTER FONTIBON | C36: CUMPLE | D36: NO CUMPLE | E36: CUMPLE | F36: NO CUMPLE
A37: =A36+1 -> 33 | B37: ='LISTA DE OFERENTES'!B36 -> CONSORCIO ID FONTIBON 001 | C37: CUMPLE | D37: CUMPLE | E37: CUMPLE | F37: CUMPLE
A38: =A37+1 -> 34 | B38: ='LISTA DE OFERENTES'!B37 -> CTV FONTIBON | C38: CUMPLE | D38: CUMPLE | E38: CUMPLE | F38: CUMPLE
A39: =A38+1 -> 35 | B39: ='LISTA DE OFERENTES'!B38 -> ESTUDIOS TÉCNICOS Y CONSTRUCCIONES SAS | C39: CUMPLE | D39: NO CUMPLE | E39: CUMPLE | F39: NO CUMPLE
A40: =A39+1 -> 36 | B40: ='LISTA DE OFERENTES'!B39 -> ALIANZA INTEGRAL DE PROYECTOS SAS BIC | C40: CUMPLE | D40: CUMPLE | E40: CUMPLE | F40: CUMPLE
A41: =A40+1 -> 37 | B41: ='LISTA DE OFERENTES'!B40 -> CONSORCIO EPSILON FONTIBON | C41: CUMPLE | D41: NO CUMPLE | E41: CUMPLE | F41: NO CUMPLE
A42: =A41+1 -> 38 | B42: ='LISTA DE OFERENTES'!B41 -> PAULO EMILIO BRAVO CONSULTORES SAS | C42: CUMPLE | D42: NO CUMPLE | E42: CUMPLE | F42: NO CUMPLE
A43: =A42+1 -> 39 | B43: ='LISTA DE OFERENTES'!B42 -> ALMA Interventoría & Consultoría S.A.S | C43: CUMPLE | D43: NO CUMPLE | E43: CUMPLE | F43: NO CUMPLE
A44: =A43+1 -> 40 | B44: ='LISTA DE OFERENTES'!B43 -> CONSORCIO COING F001 | C44: CUMPLE | D44: CUMPLE | E44: CUMPLE | F44: CUMPLE
A45: =A44+1 -> 41 | B45: ='LISTA DE OFERENTES'!B44 -> CONSORCIO FONTIBÓN KM 2024 | C45: CUMPLE | D45: NO CUMPLE | E45: CUMPLE | F45: NO CUMPLE
A46: =A45+1 -> 42 | B46: ='LISTA DE OFERENTES'!B45 -> CONSORCIO INTER FONTIBON JG | C46: CUMPLE | D46: NO CUMPLE | E46: CUMPLE | F46: NO CUMPLE
A47: =A46+1 -> 43 | B47: ='LISTA DE OFERENTES'!B46 -> CONSORCIO INTER VÍAL G&L | C47: CUMPLE | D47: CUMPLE | E47: CUMPLE | F47: CUMPLE
... A54: =A53+1 -> 50 | B54: ='LISTA DE OFERENTES'!B53 -> CONSORCIO FONTIBON | C54: CUMPLE | D54: NO CUMPLE | E54: CUMPLE | F54: NO CUMPLE
A55: =A54+1 -> 51 | B55: ='LISTA DE OFERENTES'!B54 -> CONSORCIO TECNOLOGICO | C55: CUMPLE | D55: NO CUMPLE | E55: NO CUMPLE | F55: NO CUMPLE | G55: DENTRO DE LA DOCUMENTACION APORTADA NO SE ENCUENTRA LA ODERTA ECONOMICA
A56: =A55+1 -> 52 | B56: ='LISTA DE OFERENTES'!B55 -> CONSORCIO INTERVIAL PH | C56: CUMPLE | D56: CUMPLE | E56: NO CUMPLE | F56: NO CUMPLE | G56: DENTRO DE LA DOCUMENTACION APORTADA NO SE ENCUENTRA LA ODERTA ECONOMICA
A57: =A56+1 -> 53 | B57: ='LISTA DE OFERENTES'!B56 -> CONSORCIO VIAS FONTIBON PC | C57: CUMPLE | D57: CUMPLE | E57: CUMPLE | F57: CUMPLE
A58: =A57+1 -> 54 | B58: ='LISTA DE OFERENTES'!B57 -> CONSORCIO MALLA VIAL FDLF | C58: CUMPLE | D58: CUMPLE | E58: CUMPLE | F58: CUMPLE
A59: =A58+1 -> 55 | B59: ='LISTA DE OFERENTES'!B58 -> CONSORCIO INTER FONTIBON | C59: CUMPLE | D59: CUMPLE | E59: CUMPLE | F59: CUMPLE
A60: =A59+1 -> 56 | B60: ='LISTA DE OFERENTES'!B59 -> CONSORCIO VIAS IC 2024 | C60: CUMPLE | D60: CUMPLE | E60: CUMPLE | F60: CUMPLE
A61: =A60+1 -> 57 | B61: ='LISTA DE OFERENTES'!B60 -> ORBITA DESARROLLO S.A.S. BIC | C61: CUMPLE | D61: CUMPLE | E61: CUMPLE | F61: CUMPLE
A62: =A61+1 -> 58 | B62: ='LISTA DE OFERENTES'!B61 -> CONSORCIO CONSTRUCCIÓN Y DESARROLLO FONTIBÓN | C62: CUMPLE | D62: NO CUMPLE | E62: CUMPLE | F62: NO CUMPLE
A63: =A62+1 -> 59 | B63: ='LISTA DE OFERENTES'!B62 -> CONSORCIO ESPACIO PÚBLICO INT 2024 | C63: CUMPLE | D63: CUMPLE | E63: CUMPLE | F63: CUMPLE
A64: =A63+1 -> 60 | B64: ='LISTA DE OFERENTES'!B63 -> CONSORCIO VÍAS PROTEV | C64: CUMPLE | D64: CUMPLE | E64: CUMPLE | F64: CUMPLE
A65: =A64+1 -> 61 | B65: ='LISTA DE OFERENTES'!B64 -> CONSORCIO INTERVENTORES FONTIBON | C65: CUMPLE | D65: CUMPLE | E65: CUMPLE | F65: CUMPLE
A66: =A65+1 -> 62 | B66: ='LISTA DE OFERENTES'!B65 -> CONCIC SAS | C66: CUMPLE | D66: NO CUMPLE | E66: CUMPLE | F66: NO CUMPLE

Sheet CONDICIONES GENERALES
M3: cada contrato debe cumplir con alguno de estos códigos 81101500, 81102200, 80101600
A6: OBJETO: REALIZAR LA INTERVENTORIA, TECNICA ADMINISTRATIVA JURÍDICA FINANCIERA SOCIAL AMBIENTAL Y DE SEGURIDAD Y SALUD EN EL TRABAJO AL CONTRATO cuyo objeto es REALIZAR LAS OBRAS DE CONSERVACION DE LA MALLA VIAL Y ESPACIO PUBLICO ASOCIADO EN LA LOCALIDAD DE FONTIBON BOGOTA DC A TRAVES DEL SISTEMA DE PRECIOS UNITARIOS FIJOS Y A MONTO AGOTABLE
A8: Los contratos para acreditar la experiencia deben cumplir las siguientes características:
A9: EXPERIENCIA GENERAL
A10: INTERVENTORÍA A PROYECTOS DE: CONSTRUCCIÓN O RECONSTRUCCIÓN O REHABILITACIÓN O ADECUACIÓN O AMPLIACIÓN O MEJORAMIENTO O MANTENIMIENTO O RECONSTRUCCIÓN O REPAVIMENTACIÓN O PAVIMENTACIÓN O CONSERVACIÓN DE INFRAESTRUCTURA VIAL PARA TRÁFICO VEHICULAR DE VÍAS URBANAS O DE VÍAS PRIMARIAS O SECUNDARIAS
A11: Nota 1: No se aceptará experiencia en contratos cuyo objeto o alcance sea exclusivamente en cualquiera de las siguientes actividades de interventoría de obra: componentes de seguridad vial o semaforización o puentes.
A12: Nota 2: En todo caso la obra civil en infraestructura vial que se pretenda acreditar como experiencia, debe demostrar la interventoría a la intervención en la estructura del pavimento.
A13: EXPERIENCIA ESPECIFICA
A14: Por lo menos uno (1) de los contratos válidos aportados como experiencia general debe acreditar que se hayan realizado actividades de interventoría para el diagnóstico y/o estudios y diseños, para actividades de Conservación de vías.
A15: Y
A16: Por lo menos uno (1) de los contratos válidos aportados como experiencia general debe acreditar la intervención de redes de servicios públicos
A17: NÚMERO DE CONTRATOS: C. Se podrán aportar mínimo uno (1) y máximo seis (6) contratos para la evaluación y asignación de puntaje por concepto de experiencia, siempre y cuando cumplan con lo establecido en este documento.
A19: CONDICIÓN 1: E. Los contratos acreditados deben haber terminado antes de la fecha de cierre del presente proceso de contratación
... A23: CONDICIÓN 5: H. Cuando el contrato que se aporte para la experiencia haya sido ejecutado por un Consorcio o por una Unión Temporal, y dos (2) o más de sus integrantes conformen un Proponente Plural para participar en el presente proceso, dicho contrato se entenderá aportado como un (1) solo contrato y se tendrá en cuenta para el aporte de la experiencia la sumatoria de los porcentajes de los integrantes del Consorcio o de la Unión Temporal que ejecutaron el contrato y que están participando en el Proceso de Contratación, siempre y cuando en el “Formato 3 – Experiencia” se indique qué integrantes y porcentajes de participación se ofrecen como experiencia

Sheet RESUMEN EVALUACIÓN
A1: FONDO DE DESARROLLO LOCAL DE FONTIBÓN
A2: FDLF-CMA-001-2023
A3: REALIZAR LA INTERVENTORIA, TECNICA ADMINISTRATIVA JURÍDICA FINANCIERA SOCIAL AMBIENTAL Y DE SEGURIDAD Y SALUD EN EL TRABAJO AL CONTRATO cuyo objeto es "REALIZAR LAS OBRAS DE CONSERVACION DE LA MALLA VIAL Y ESPACIO PUBLICO ASOCIADO EN LA LOCALIDAD DE FONTIBON BOGOTA DC A TRAVES DEL SISTEMA DE PRECIOS UNITARIOS FIJOS Y A MONTO AGOTABLE"
A5: No. | B5: Nombre de Oferente : | C5: CAPACIDAD FINANCIERA | D5: CAPACIDAD JURIDICA | E5: CAPACIDAD TÉCNICA | F5: OFERTA ECONOMICA | G5: INFORME FINAL | H5: OBSERVACIONES
A6: 1 | B6: ='LISTA DE OFERENTES'!B4 -> CONSORCIO INTERVIALES PCI-PC | C6: CUMPLE | D6: =+'EXPERIENCIA DEL PROPONENTE'!Q48 -> NO CUMPLE | E6: =+'EXPERIENCIA DEL PROPONENTE'!R24 -> CUMPLE | F6: CUMPLE | G6: NO HABILITADO | H6: SE REQUIERE AL PROPONENTE PARA QUE SUBSANE O PRESENTE OBSERVACIONES EN EL TERMINO DEL TRASLADO DEL INFORME DE EVALUACIÓN PRELIMINAR
A7: 2 | B7: ='LISTA DE OFERENTES'!B5 -> CONSORCIO VÍAS FONTIBÓN 2025 | C7: CUMPLE | D7: CUMPLE | E7: =+'EXPERIENCIA DEL PROPONENTE'!R38 -> CUMPLE | F7: CUMPLE | G7: HABILITADO
A8: 3 | B8: ='LISTA DE OFERENTES'!B6 -> MORALBA SANCHEZ ORDOÑEZ | C8: CUMPLE | D8: CUMPLE | E8: =+'EXPERIENCIA DEL PROPONENTE'!R50 -> NO CUMPLE | F8: CUMPLE | G8: NO HABILITADO | H8: SE REQUIERE AL PROPONENTE PARA QUE SUBSANE O PRESENTE OBSERVACIONES EN EL TERMINO DEL TRASLADO DEL INFORME DE EVALUACIÓN PRELIMINAR
A9: 4 | B9: ='LISTA DE OFERENTES'!B7 -> GRUPO METRO COLOMBIA SAS | C9: CUMPLE | D9: CUMPLE | E9: =+'EXPERIENCIA DEL PROPONENTE'!R65 -> CUMPLE | F9: CUMPLE | G9: HABILITADO
A10: 5 | B10: ='LISTA DE OFERENTES'!B8 -> CONSORCIO INTER CGS F1 | C10: CUMPLE | D10: NO CUMPLE | E10: =+'EXPERIENCIA DEL PROPONENTE'!R81 -> NO CUMPLE | F10: CUMPLE | G10: NO HABILITADO | H10: SE REQUIERE AL PROPONENTE PARA QUE SUBSANE O PRESENTE OBSERVACIONES EN EL TERMINO DEL TRASLADO DEL INFORME DE EVALUACIÓN PRELIMINAR
A11: 6 | B11: ='LISTA DE OFERENTES'!B9 -> INGENIEROS CONSTRUCTORES Y ASESORES SAS | C11: CUMPLE | D11: NO CUMPLE | E11: NO CUMPLE | F11: CUMPLE | G11: NO HABILITADO | H11: SE REQUIERE AL PROPONENTE PARA QUE SUBSANE O PRESENTE OBSERVACIONES EN EL TERMINO DEL TRASLADO DEL INFORME DE EVALUACIÓN PRELIMINAR
A12: 7 | B12: ='LISTA DE OFERENTES'!B10 -> GPM PROYECTOS DE INGENIERIA SAS | C12: CUMPLE | D12: NO CUMPLE | E12: CUMPLE | F12: CUMPLE | G12: NO HABILITADO | H12: SE REQUIERE AL PROPONENTE PARA QUE SUBSANE O PRESENTE OBSERVACIONES EN EL TERMINO DEL TRASLADO DEL INFORME DE EVALUACIÓN PRELIMINAR
A13: 8 | B13: ='LISTA DE OFERENTES'!B11 -> CONSORCIO MODELIA 24 | C13: CUMPLE | D13: NO CUMPLE | E13: NO CUMPLE | F13: CUMPLE | G13: NO HABILITADO | H13: SE REQUIERE AL PROPONENTE PARA QUE SUBSANE O PRESENTE OBSERVACIONES EN EL TERMINO DEL TRASLADO DEL INFORME DE EVALUACIÓN PRELIMINAR
A14: 9 | B14: ='LISTA DE OFERENTES'!B12 -> UNIÓN TEMPORAL ROADS 402 | C14: CUMPLE | D14: CUMPLE | E14: CUMPLE | F14: CUMPLE | G14: HABILITADO
A15: 10 | B15: ='LISTA DE OFERENTES'!B13 -> CONSORCIO MALLA VIAL 206 | C15: CUMPLE | D15: CUMPLE | E15: CUMPLE | F15: CUMPLE | G15: HABILITADO
A16: 11 | B16: ='LISTA DE OFERENTES'!B14 -> INTERVENTORIA Y CONSTRUCIVILES SAS | C16: CUMPLE | D16: NO CUMPLE | E16: CUMPLE | F16: CUMPLE | G16: NO HABILITADO | H16: SE REQUIERE AL PROPONENTE PARA QUE SUBSANE O PRESENTE OBSERVACIONES EN EL TERMINO DEL TRASLADO DEL INFORME DE EVALUACIÓN PRELIMINAR
A17: 12 | B17: ='LISTA DE OFERENTES'!B15 -> EMPROCIV SAS | C17: CUMPLE | D17: CUMPLE | E17: CUMPLE | F17: CUMPLE | G17: HABILITADO
A18: 13 | B18: ='LISTA DE OFERENTES'!B16 -> CONSORCIO NOGAALL-LITORAL | C18: CUMPLE | D18: NO CUMPLE | E18: CUMPLE | F18: CUMPLE | G18: NO HABILITADO | H18: SE REQUIERE AL PROPONENTE PARA QUE SUBSANE O PRESENTE OBSERVACIONES EN EL TERMINO DEL TRASLADO DEL INFORME DE EVALUACIÓN PRELIMINAR
A19: 14 | B19: ='LISTA DE OFERENTES'!B17 -> GRUCOING SAS | C19: CUMPLE | D19: CUMPLE | E19: CUMPLE | F19: CUMPLE | G19: HABILITADO
A20: 15 | B20: ='LISTA DE OFERENTES'!B18 -> CONSORCIO ESPACIOS TVH | C20: CUMPLE | D20: CUMPLE | E20: NO CUMPLE | F20: CUMPLE | G20: NO HABILITADO | H20: SE REQUIERE AL PROPONENTE PARA QUE SUBSANE O PRESENTE OBSERVACIONES EN EL TERMINO DEL TRASLADO DEL INFORME DE EVALUACIÓN PRELIMINAR
A21: 16 | B21: ='LISTA DE OFERENTES'!B19 -> CONSORCIO VIAS Y ESP | C21: CUMPLE | D21: CUMPLE | E21: CUMPLE | F21: CUMPLE | G21: HABILITADO
A22: 17 | B22: ='LISTA DE OFERENTES'!B20 -> CONSORCIO FONTIBON GM | C22: CUMPLE | D22: CUMPLE | E22: NO CUMPLE | F22: CUMPLE | G22: NO HABILITADO | H22: SE REQUIERE AL PROPONENTE PARA QUE SUBSANE O PRESENTE OBSERVACIONES EN EL TERMINO DEL TRASLADO DEL INFORME DE EVALUACIÓN PRELIMINAR
A23: 18 | B23: ='LISTA DE OFERENTES'!B21 -> CONSORCIO I.D. FONTIBÓN | C23: CUMPLE | D23: CUMPLE | E23: CUMPLE | F23: CUMPLE | G23: HABILITADO
A24: 19 | B24: ='LISTA DE OFERENTES'!B22 -> CONSORCIO LG FONTIBÓN | C24: CUMPLE | D24: CUMPLE | E24: CUMPLE | F24: CUMPLE | G24: HABILITADO
A25: 20 | B25: ='LISTA DE OFERENTES'!B23 -> INTERSA S.A | C25: CUMPLE | D25: CUMPLE | E25: NO CUMPLE | F25: CUMPLE | G25: NO HABILITADO | H25: SE REQUIERE AL PROPONENTE PARA QUE SUBSANE O PRESENTE OBSERVACIONES EN EL TERMINO DEL TRASLADO DEL INFORME DE EVALUACIÓN PRELIMINAR
A26: 21 | B26: ='LISTA DE OFERENTES'!B24 -> CODIPRO INGENIERIA Y ARQUITECTURA LTDA. CONSTRUCCIONES, DISEÑOS Y PROYECTOS | C26: CUMPLE | D26: CUMPLE | E26: NO CUMPLE | F26: CUMPLE | G26: NO HABILITADO | H26: SE REQUIERE AL PROPONENTE PARA QUE SUBSANE O PRESENTE OBSERVACIONES EN EL TERMINO DEL TRASLADO DEL INFORME DE EVALUACIÓN PRELIMINAR
A27: 22 | B27: ='LISTA DE OFERENTES'!B25 -> CONSORCIO INGESCOR R 2024 | C27: CUMPLE | D27: NO CUMPLE | E27: CUMPLE | F27: CUMPLE | G27: NO HABILITADO | H27: SE REQUIERE AL PROPONENTE PARA QUE SUBSANE O PRESENTE OBSERVACIONES EN EL TERMINO DEL TRASLADO DEL INFORME DE EVALUACIÓN PRELIMINAR
A28: 23 | B28: ='LISTA DE OFERENTES'!B26 -> CONSORCIO INTERVIAL URBANO | C28: CUMPLE | D28: CUMPLE | E28: NO CUMPLE | F28: CUMPLE | G28: NO HABILITADO | H28: SE REQUIERE AL PROPONENTE PARA QUE SUBSANE O PRESENTE OBSERVACIONES EN EL TERMINO DEL TRASLADO DEL INFORME DE EVALUACIÓN PRELIMINAR
A29: 24 | B29: ='LISTA DE OFERENTES'!B27 -> VELNEC SA | C29: CUMPLE | D29: CUMPLE | E29: CUMPLE | F29: CUMPLE | G29: HABILITADO
A30: 25 | B30: ='LISTA DE OFERENTES'!B28 -> CONSORCIO INTERFONTIBON 2024 | C30: CUMPLE | D30: CUMPLE | E30: CUMPLE | F30: CUMPLE | G30: HABILITADO
A31: 26 | B31: ='LISTA DE OFERENTES'!B29 -> ING INGENIERIA S.A.S | C31: CUMPLE | D31: CUMPLE | E31: CUMPLE | F31: CUMPLE | G31: HABILITADO
A32: 27 | B32: ='LISTA DE OFERENTES'!B30 -> CONSORCIO FATIMA | C32: CUMPLE | D32: CUMPLE | E32: CUMPLE | F32: CUMPLE | G32: HABILITADO
A33: 28 | B33: ='LISTA DE OFERENTES'!B31 -> GEOTECNIA Y CIMIENTOS INGEOCIM S.A.S. | C33: CUMPLE | D33: CUMPLE | E33: NO CUMPLE | F33: CUMPLE | G33: NO HABILITADO | H33: SE REQUIERE AL PROPONENTE PARA QUE SUBSANE O PRESENTE OBSERVACIONES EN EL TERMINO DEL TRASLADO DEL INFORME DE EVALUACIÓN PRELIMINAR
A34: 29 | B34: ='LISTA DE OFERENTES'!B32 -> CONSORCIO FONTIBON JINT 001 | C34: CUMPLE | D34: CUMPLE | E34: CUMPLE | F34: CUMPLE | G34: HABILITADO
A35: 30 | B35: ='LISTA DE OFERENTES'!B33 -> CONSORCIO ALIANZA BOGOTA | C35: CUMPLE | D35: NO CUMPLE | E35: CUMPLE | F35: CUMPLE | G35: NO HABILITADO | H35: SE REQUIERE AL PROPONENTE PARA QUE SUBSANE O PRESENTE OBSERVACIONES EN EL TERMINO DEL TRASLADO DEL INFORME DE EVALUACIÓN PRELIMINAR
A36: 31 | B36: ='LISTA DE OFERENTES'!B34 -> CONSORCIO FEM – 34 | C36: CUMPLE | D36: CUMPLE | E36: NO CUMPLE | F36: NO CUMPLE | G36: NO HABILITADO | H36: SE REQUIERE AL PROPONENTE PARA QUE SUBSANE O PRESENTE OBSERVACIONES EN EL TERMINO DEL TRASLADO DEL INFORME DE EVALUACIÓN PRELIMINAR
A37: 32 | B37: ='LISTA DE OFERENTES'!B35 -> CONSORCIO INTER FONTIBON | C37: CUMPLE | D37: NO CUMPLE | E37: NO CUMPLE | F37: CUMPLE | G37: NO HABILITADO | H37: SE REQUIERE AL PROPONENTE PARA QUE SUBSANE O PRESENTE OBSERVACIONES EN EL TERMINO DEL TRASLADO DEL INFORME DE EVALUACIÓN PRELIMINAR
A38: 33 | B38: ='LISTA DE OFERENTES'!B36 -> CONSORCIO ID FONTIBON 001 | C38: CUMPLE | D38: NO CUMPLE | E38: CUMPLE | F38: CUMPLE | G38: NO HABILITADO | H38: SE REQUIERE AL PROPONENTE PARA QUE SUBSANE O PRESENTE OBSERVACIONES EN EL TERMINO DEL TRASLADO DEL INFORME DE EVALUACIÓN PRELIMINAR
A39: 34 | B39: ='LISTA DE OFERENTES'!B37 -> CTV FONTIBON | C39: CUMPLE | D39: NO CUMPLE | E39: NO CUMPLE | F39: CUMPLE | G39: NO HABILITADO | H39: SE REQUIERE AL PROPONENTE PARA QUE SUBSANE O PRESENTE OBSERVACIONES EN EL TERMINO DEL TRASLADO DEL INFORME DE EVALUACIÓN PRELIMINAR
A40: 35 | B40: ='LISTA DE OFERENTES'!B38 -> ESTUDIOS TÉCNICOS Y CONSTRUCCIONES SAS | C40: CUMPLE | D40: CUMPLE | E40: NO CUMPLE | F40: CUMPLE | G40: NO HABILITADO | H40: SE REQUIERE AL PROPONENTE PARA QUE SUBSANE O PRESENTE OBSERVACIONES EN EL TERMINO DEL TRASLADO DEL INFORME DE EVALUACIÓN PRELIMINAR
A41: 36 | B41: ='LISTA DE OFERENTES'!B39 -> ALIANZA INTEGRAL DE PROYECTOS SAS BIC | C41: CUMPLE | D41: CUMPLE | E41: NO CUMPLE | F41: CUMPLE | G41: NO HABILITADO | H41: SE REQUIERE AL PROPONENTE PARA QUE SUBSANE O PRESENTE OBSERVACIONES EN EL TERMINO DEL TRASLADO DEL INFORME DE EVALUACIÓN PRELIMINAR
A42: 37 | B42: ='LISTA DE OFERENTES'!B40 -> CONSORCIO EPSILON FONTIBON | C42: CUMPLE | D42: CUMPLE | E42: NO CUMPLE | F42: CUMPLE | G42: NO HABILITADO | H42: SE REQUIERE AL PROPONENTE PARA QUE SUBSANE O PRESENTE OBSERVACIONES EN EL TERMINO DEL TRASLADO DEL INFORME DE EVALUACIÓN PRELIMINAR
A43: 38 | B43: ='LISTA DE OFERENTES'!B41 -> PAULO EMILIO BRAVO CONSULTORES SAS | C43: CUMPLE | D43: CUMPLE | E43: CUMPLE | F43: CUMPLE | G43: HABILITADO
A44: 39 | B44: ='LISTA DE OFERENTES'!B42 -> ALMA Interventoría & Consultoría S.A.S | C44: CUMPLE | D44: CUMPLE | E44: CUMPLE | F44: CUMPLE | G44: HABILITADO
A45: 40 | B45: ='LISTA DE OFERENTES'!B43 -> CONSORCIO COING F001 | C45: CUMPLE | D45: NO CUMPLE | E45: CUMPLE | F45: CUMPLE | G45: NO HABILITADO | H45: SE REQUIERE AL PROPONENTE PARA QUE SUBSANE O PRESENTE OBSERVACIONES EN EL TERMINO DEL TRASLADO DEL INFORME DE EVALUACIÓN PRELIMINAR
A46: 41 | B46: ='LISTA DE OFERENTES'!B44 -> CONSORCIO FONTIBÓN KM 2024 | C46: CUMPLE | D46: NO CUMPLE | E46: NO CUMPLE | F46: CUMPLE | G46: NO HABILITADO | H46: SE REQUIERE AL PROPONENTE PARA QUE SUBSANE O PRESENTE OBSERVACIONES EN EL TERMINO DEL TRASLADO DEL INFORME DE EVALUACIÓN PRELIMINAR
A47: 42 | B47: ='LISTA DE OFERENTES'!B45 -> CONSORCIO INTER FONTIBON JG | C47: CUMPLE | D47: CUMPLE | E47: NO CUMPLE | F47: CUMPLE | G47: NO HABILITADO | H47: SE REQUIERE AL PROPONENTE PARA QUE SUBSANE O PRESENTE OBSERVACIONES EN EL TERMINO DEL TRASLADO DEL INFORME DE EVALUACIÓN PRELIMINAR
A48: 43 | B48: ='LISTA DE OFERENTES'!B46 -> CONSORCIO INTER VÍAL G&L | C48: CUMPLE | D48: CUMPLE | E48: NO CUMPLE | F48: CUMPLE | G48: NO HABILITADO | H48: SE REQUIERE AL PROPONENTE PARA QUE SUBSANE O PRESENTE OBSERVACIONES EN EL TERMINO DEL TRASLADO DEL INFORME DE EVALUACIÓN PRELIMINAR
A49: 44 | B49: ='LISTA DE OFERENTES'!B47 -> ECOVIAS SAS | C49: CUMPLE | D49: CUMPLE | E49: CUMPLE | F49: CUMPLE | G49: HABILITADO
A50: 45 | B50: ='LISTA DE OFERENTES'!B48 -> PROJEKTA LTDA INGENIEROS CONSULTORES | C50: CUMPLE | D50: CUMPLE | E50: CUMPLE | F50: CUMPLE | G50: HABILITADO
A51: 46 | B51: ='LISTA DE OFERENTES'!B49 -> SOLUCIONES PARA LA INGENIERÍA S.A.S. | C51: CUMPLE | D51: NO CUMPLE | E51: CUMPLE | F51: CUMPLE | G51: NO HABILITADO | H51: SE REQUIERE AL PROPONENTE PARA QUE SUBSANE O PRESENTE OBSERVACIONES EN EL TERMINO DEL TRASLADO DEL INFORME DE EVALUACIÓN PRELIMINAR
A52: 47 | B52: ='LISTA DE OFERENTES'!B50 -> CONSORCIO INTERVIAL PH | C52: CUMPLE | D52: NO CUMPLE | E52: NO CUMPLE | F52: CUMPLE | G52: NO HABILITADO | H52: SE REQUIERE AL PROPONENTE PARA QUE SUBSANE O PRESENTE OBSERVACIONES EN EL TERMINO DEL TRASLADO DEL INFORME DE EVALUACIÓN PRELIMINAR
A53: 48 | B53: ='LISTA DE OFERENTES'!B51 -> CONSORCIO SETEC VIAL FONTIBON | C53: CUMPLE | D53: NO CUMPLE | E53: NO CUMPLE | F53: CUMPLE | G53: NO HABILITADO | H53: SE REQUIERE AL PROPONENTE PARA QUE SUBSANE O PRESENTE OBSERVACIONES EN EL TERMINO DEL TRASLADO DEL INFORME DE EVALUACIÓN PRELIMINAR
A54: 49 | B54: ='LISTA DE OFERENTES'!B52 -> CONSORCIO CCP | C54: CUMPLE | D54: NO CUMPLE | E54: CUMPLE | F54: CUMPLE | G54: NO HABILITADO | H54: SE REQUIERE AL PROPONENTE PARA QUE SUBSANE O PRESENTE OBSERVACIONES EN EL TERMINO DEL TRASLADO DEL INFORME DE EVALUACIÓN PRELIMINAR
A55: 50 | B55: ='LISTA DE OFERENTES'!B53 -> CONSORCIO FONTIBON | C55: NO CUMPLE | D55: NO CUMPLE | E55: CUMPLE | F55: CUMPLE | G55: NO HABILITADO | H55: SE REQUIERE AL PROPONENTE PARA QUE SUBSANE O PRESENTE OBSERVACIONES EN EL TERMINO DEL TRASLADO DEL INFORME DE EVALUACIÓN PRELIMINAR
A56: 51 | B56: ='LISTA DE OFERENTES'!B54 -> CONSORCIO TECNOLOGICO | C56: CUMPLE | D56: NO CUMPLE | E56: NO CUMPLE | F56: NO CUMPLE | G56: NO HABILITADO | H56: SE REQUIERE AL PROPONENTE PARA QUE SUBSANE O PRESENTE OBSERVACIONES EN EL TERMINO DEL TRASLADO DEL INFORME DE EVALUACIÓN PRELIMINAR
A57: 52 | B57: ='LISTA DE OFERENTES'!B55 -> CONSORCIO INTERVIAL PH | C57: CUMPLE | D57: NO CUMPLE | E57: CUMPLE | F57: NO CUMPLE | G57: NO HABILITADO | H57: SE REQUIERE AL PROPONENTE PARA QUE SUBSANE O PRESENTE OBSERVACIONES EN EL TERMINO DEL TRASLADO DEL INFORME DE EVALUACIÓN PRELIMINAR
A58: 53 | B58: ='LISTA DE OFERENTES'!B56 -> CONSORCIO VIAS FONTIBON PC | C58: CUMPLE | D58: CUMPLE | E58: NO CUMPLE | F58: CUMPLE | G58: NO HABILITADO | H58: SE REQUIERE AL PROPONENTE PARA QUE SUBSANE O PRESENTE OBSERVACIONES EN EL TERMINO DEL TRASLADO DEL INFORME DE EVALUACIÓN PRELIMINAR
A59: 54 | B59: ='LISTA DE OFERENTES'!B57 -> CONSORCIO MALLA VIAL FDLF | C59: CUMPLE | D59: CUMPLE | E59: CUMPLE | F59: CUMPLE | G59: HABILITADO
A60: 55 | B60: ='LISTA DE OFERENTES'!B58 -> CONSORCIO INTER FONTIBON | C60: CUMPLE | D60: NO CUMPLE | E60: CUMPLE | F60: CUMPLE | G60: NO HABILITADO | H60: SE REQUIERE AL PROPONENTE PARA QUE SUBSANE O PRESENTE OBSERVACIONES EN EL TERMINO DEL TRASLADO DEL INFORME DE EVALUACIÓN PRELIMINAR
A61: 56 | B61: ='LISTA DE OFERENTES'!B59 -> CONSORCIO VIAS IC 2024 | C61: CUMPLE | D61: CUMPLE | E61: CUMPLE | F61: CUMPLE | G61: HABILITADO
A62: 57 | B62: ='LISTA DE OFERENTES'!B60 -> ORBITA DESARROLLO S.A.S. BIC | C62: CUMPLE | D62: CUMPLE | E62: CUMPLE | F62: CUMPLE | G62: HABILITADO
A63: 58 | B63: ='LISTA DE OFERENTES'!B61 -> CONSORCIO CONSTRUCCIÓN Y DESARROLLO FONTIBÓN | C63: CUMPLE | D63: NO CUMPLE | E63: NO CUMPLE | F63: CUMPLE | G63: NO HABILITADO | H63: SE REQUIERE AL PROPONENTE PARA QUE SUBSANE O PRESENTE OBSERVACIONES EN EL TERMINO DEL TRASLADO DEL INFORME DE EVALUACIÓN PRELIMINAR
A64: 59 | B64: ='LISTA DE OFERENTES'!B62 -> CONSORCIO ESPACIO PÚBLICO INT 2024 | C64: CUMPLE | D64: NO CUMPLE | E64: CUMPLE | F64: CUMPLE | G64: NO HABILITADO | H64: SE REQUIERE AL PROPONENTE PARA QUE SUBSANE O PRESENTE OBSERVACIONES EN EL TERMINO DEL TRASLADO DEL INFORME DE EVALUACIÓN PRELIMINAR
A65: 60 | B65: ='LISTA DE OFERENTES'!B63 -> CONSORCIO VÍAS PROTEV | C65: CUMPLE | D65: CUMPLE | E65: CUMPLE | F65: CUMPLE | G65: HABILITADO
A66: 61 | B66: ='LISTA DE OFERENTES'!B64 -> CONSORCIO INTERVENTORES FONTIBON | C66: CUMPLE | D66: NO CUMPLE | E66: CUMPLE | F66: CUMPLE | G66: NO HABILITADO | H66: SE REQUIERE AL PROPONENTE PARA QUE SUBSANE O PRESENTE OBSERVACIONES EN EL TERMINO DEL TRASLADO DEL INFORME DE EVALUACIÓN PRELIMINAR
A67: 62 | B67: ='LISTA DE OFERENTES'!B65 -> CONCIC SAS | C67: CUMPLE | D67: CUMPLE | E67: CUMPLE | F67: CUMPLE | G67: HABILITADO

Sheet MEDIA GEOMETRICA
A1: EXPERIENCIA DEL PROPONENTE
A2: CANTIDAD DE SMMLV QUE REPRESENTAN EL PROMEDIO DE LOS CONTRATOS VALIDOS PARA ACREDITAR EXPERIENCIA | G2: FECHA DE CIERRE | H2: 45631
A3: FDLF-CMA-001-2024 | G3: PUNTAJE MAXIMO | H3: 67.5
G4: TRM VIGENTE 09/12/2024 | H4: 4396.52
G5: PRIMERAS DOS CIFRAS DEC.TRM | H5: 52
E9: 67.5
A10: OFERENTES | C10: Promedio SMMLV | D10: MEDIA GEOMETRICA | E10: PUNTAJE
A11: 1 | B11: =VLOOKUP(A11,'LISTA DE OFERENTES'!$A$4:$B$65,2,FALSE) -> CONSORCIO INTERVIALES PCI-PC | C11: =+'EXPERIENCIA DEL PROPONENTE'!C8 -> 1380.2986 | D11: =+GEOMEAN(C11:C72) -> 1199.4038 | E11: =+$E$9*((1-ABS($D$11-C11)/$D$11)) -> 57.319606
A12: 2 | B12: =VLOOKUP(A12,'LISTA DE OFERENTES'!$A$4:$B$65,2,FALSE) -> CONSORCIO VÍAS FONTIBÓN 2025 | C12: =+'EXPERIENCIA DEL PROPONENTE'!C28 -> 880.85895 | E12: =+$E$9*((1-ABS($D$11-C12)/$D$11)) -> 49.572946
A13: 3 | B13: =VLOOKUP(A13,'LISTA DE OFERENTES'!$A$4:$B$65,2,FALSE) -> MORALBA SANCHEZ ORDOÑEZ | E13: =+$E$9*((1-ABS($D$11-C13)/$D$11)) -> 0
A14: 4 | B14: =VLOOKUP(A14,'LISTA DE OFERENTES'!$A$4:$B$65,2,FALSE) -> GRUPO METRO COLOMBIA SAS | C14: =+'EXPERIENCIA DEL PROPONENTE'!C54 -> 2199.2607 | E14: =+$E$9*((1-ABS($D$11-C14)/$D$11)) -> 11.23009
A15: 5 | B15: =VLOOKUP(A15,'LISTA DE OFERENTES'!$A$4:$B$65,2,FALSE) -> CONSORCIO INTER CGS F1 | E15: =+$E$9*((1-ABS($D$11-C15)/$D$11)) -> 0
A16: 6 | B16: =VLOOKUP(A16,'LISTA DE OFERENTES'!$A$4:$B$65,2,FALSE) -> INGENIEROS CONSTRUCTORES Y ASESORES SAS | E16: =+$E$9*((1-ABS($D$11-C16)/$D$11)) -> 0
A17: 7 | B17: =VLOOKUP(A17,'LISTA DE OFERENTES'!$A$4:$B$65,2,FALSE) -> GPM PROYECTOS DE INGENIERIA SAS | C17: =+'EXPERIENCIA DEL PROPONENTE'!C98 -> 1427.777 | E17: =+$E$9*((1-ABS($D$11-C17)/$D$11)) -> 54.647622
A18: 8 | B18: =VLOOKUP(A18,'LISTA DE OFERENTES'!$A$4:$B$65,2,FALSE) -> CONSORCIO MODELIA 24 | E18: =+$E$9*((1-ABS($D$11-C18)/$D$11)) -> 0
A19: 9 | B19: =VLOOKUP(A19,'LISTA DE OFERENTES'!$A$4:$B$65,2,FALSE) -> UNIÓN TEMPORAL ROADS 402 | C19: =+'EXPERIENCIA DEL PROPONENTE'!C126 -> 1123.8475 | E19: =+$E$9*((1-ABS($D$11-C19)/$D$11)) -> 63.247844
A20: 10 | B20: =VLOOKUP(A20,'LISTA DE OFERENTES'!$A$4:$B$65,2,FALSE) -> CONSORCIO MALLA VIAL 206 | E20: =+$E$9*((1-ABS($D$11-C20)/$D$11)) -> 0
A21: 11 | B21: =VLOOKUP(A21,'LISTA DE OFERENTES'!$A$4:$B$65,2,FALSE) -> INTERVENTORIA Y CONSTRUCIVILES SAS | E21: =+$E$9*((1-ABS($D$11-C21)/$D$11)) -> 0
A22: 12 | B22: =VLOOKUP(A22,'LISTA DE OFERENTES'!$A$4:$B$65,2,FALSE) -> EMPROCIV SAS | C22: =+'EXPERIENCIA DEL PROPONENTE'!C165 -> 1441.6966 | E22: =+$E$9*((1-ABS($D$11-C22)/$D$11)) -> 53.864253
A23: 13 | B23: =VLOOKUP(A23,'LISTA DE OFERENTES'!$A$4:$B$65,2,FALSE) -> CONSORCIO NOGAALL-LITORAL | C23: =+'EXPERIENCIA DEL PROPONENTE'!C178 -> 1153.449 | E23: =+$E$9*((1-ABS($D$11-C23)/$D$11)) -> 64.913757
A24: 14 | B24: =VLOOKUP(A24,'LISTA DE OFERENTES'!$A$4:$B$65,2,FALSE) -> GRUCOING SAS | C24: =+'EXPERIENCIA DEL PROPONENTE'!C193 -> 987.9705 | E24: =+$E$9*((1-ABS($D$11-C24)/$D$11)) -> 55.600966
A25: 15 | B25: =VLOOKUP(A25,'LISTA DE OFERENTES'!$A$4:$B$65,2,FALSE) -> CONSORCIO ESPACIOS TVH | C25: =+'EXPERIENCIA DEL PROPONENTE'!C205 -> 1432.7822 | E25: =+$E$9*((1-ABS($D$11-C25)/$D$11)) -> 54.365938
A26: 16 | B26: =VLOOKUP(A26,'LISTA DE OFERENTES'!$A$4:$B$65,2,FALSE) -> CONSORCIO VIAS Y ESP | E26: =+$E$9*((1-ABS($D$11-C26)/$D$11)) -> 0
A27: 17 | B27: =VLOOKUP(A27,'LISTA DE OFERENTES'!$A$4:$B$65,2,FALSE) -> CONSORCIO FONTIBON GM | E27: =+$E$9*((1-ABS($D$11-C27)/$D$11)) -> 0
A28: 18 | B28: =VLOOKUP(A28,'LISTA DE OFERENTES'!$A$4:$B$65,2,FALSE) -> CONSORCIO I.D. FONTIBÓN | E28: =+$E$9*((1-ABS($D$11-C28)/$D$11)) -> 0
A29: 19 | B29: =VLOOKUP(A29,'LISTA DE OFERENTES'!$A$4:$B$65,2,FALSE) -> CONSORCIO LG FONTIBÓN | C29: =+'EXPERIENCIA DEL PROPONENTE'!C257 -> 1211.9118 | E29: 67.5
A30: 20 | B30: =VLOOKUP(A30,'LISTA DE OFERENTES'!$A$4:$B$65,2,FALSE) -> INTERSA S.A | E30: =+$E$9*((1-ABS($D$11-C30)/$D$11)) -> 0
A31: 21 | B31: =VLOOKUP(A31,'LISTA DE OFERENTES'!$A$4:$B$65,2,FALSE) -> CODIPRO INGENIERIA Y ARQUITECTURA LTDA. CONSTRUCCIONES, DISEÑOS Y PROYECTOS | E31: =+$E$9*((1-ABS($D$11-C31)/$D$11)) -> 0
A32: 22 | B32: =VLOOKUP(A32,'LISTA DE OFERENTES'!$A$4:$B$65,2,FALSE) -> CONSORCIO INGESCOR R 2024 | E32: =+$E$9*((1-ABS($D$11-C32)/$D$11)) -> 0
A33: 23 | B33: =VLOOKUP(A33,'LISTA DE OFERENTES'!$A$4:$B$65,2,FALSE) -> CONSORCIO INTERVIAL URBANO | C33: =+'EXPERIENCIA DEL PROPONENTE'!C317 -> 1972.5972 | E33: =+$E$9*((1-ABS($D$11-C33)/$D$11)) -> 23.986252
A34: 24 | B34: =VLOOKUP(A34,'LISTA DE OFERENTES'!$A$4:$B$65,2,FALSE) -> VELNEC SA | C34: =+'EXPERIENCIA DEL PROPONENTE'!C331 -> 1092.2885 | E34: =+$E$9*((1-ABS($D$11-C34)/$D$11)) -> 61.47177
A35: 25 | B35: =VLOOKUP(A35,'LISTA DE OFERENTES'!$A$4:$B$65,2,FALSE) -> CONSORCIO INTERFONTIBON 2024 | E35: =+$E$9*((1-ABS($D$11-C35)/$D$11)) -> 0
A36: 26 | B36: =VLOOKUP(A36,'LISTA DE OFERENTES'!$A$4:$B$65,2,FALSE) -> ING INGENIERIA S.A.S | E36: =+$E$9*((1-ABS($D$11-C36)/$D$11)) -> 0
A37: 27 | B37: =VLOOKUP(A37,'LISTA DE OFERENTES'!$A$4:$B$65,2,FALSE) -> CONSORCIO FATIMA | E37: =+$E$9*((1-ABS($D$11-C37)/$D$11)) -> 0
A38: 28 | B38: =VLOOKUP(A38,'LISTA DE OFERENTES'!$A$4:$B$65,2,FALSE) -> GEOTECNIA Y CIMIENTOS INGEOCIM S.A.S. | E38: =+$E$9*((1-ABS($D$11-C38)/$D$11)) -> 0
A39: 29 | B39: =VLOOKUP(A39,'LISTA DE OFERENTES'!$A$4:$B$65,2,FALSE) -> CONSORCIO FONTIBON JINT 001 | E39: =+$E$9*((1-ABS($D$11-C39)/$D$11)) -> 0
A40: 30 | B40: =VLOOKUP(A40,'LISTA DE OFERENTES'!$A$4:$B$65,2,FALSE) -> CONSORCIO ALIANZA BOGOTA | C40: =+'EXPERIENCIA DEL PROPONENTE'!C419 -> 1176.949 | E40: =+$E$9*((1-ABS($D$11-C40)/$D$11)) -> 66.23629
A41: 31 | B41: =VLOOKUP(A41,'LISTA DE OFERENTES'!$A$4:$B$65,2,FALSE) -> CONSORCIO FEM – 34 | C41: =+'EXPERIENCIA DEL PROPONENTE'!C431 -> 1646.9471 | E41: =+$E$9*((1-ABS($D$11-C41)/$D$11)) -> 42.313175
A42: 32 | B42: =VLOOKUP(A42,'LISTA DE OFERENTES'!$A$4:$B$65,2,FALSE) -> CONSORCIO INTER FONTIBON | E42: =+$E$9*((1-ABS($D$11-C42)/$D$11)) -> 0
A43: 33 | B43: =VLOOKUP(A43,'LISTA DE OFERENTES'!$A$4:$B$65,2,FALSE) -> CONSORCIO ID FONTIBON 001 | C43: ='EXPERIENCIA DEL PROPONENTE'!C458 -> 2245.8772 | E43: =+$E$9*((1-ABS($D$11-C43)/$D$11)) -> 8.6066117
A44: 34 | B44: =VLOOKUP(A44,'LISTA DE OFERENTES'!$A$4:$B$65,2,FALSE) -> CTV FONTIBON | C44: ='EXPERIENCIA DEL PROPONENTE'!C475 -> 267.58996 | E44: =+$E$9*((1-ABS($D$11-C44)/$D$11)) -> 15.059417
A45: 35 | B45: =VLOOKUP(A45,'LISTA DE OFERENTES'!$A$4:$B$65,2,FALSE) -> ESTUDIOS TÉCNICOS Y CONSTRUCCIONES SAS | E45: =+$E$9*((1-ABS($D$11-C45)/$D$11)) -> 0
A46: 36 | B46: =VLOOKUP(A46,'LISTA DE OFERENTES'!$A$4:$B$65,2,FALSE) -> ALIANZA INTEGRAL DE PROYECTOS SAS BIC | C46: ='EXPERIENCIA DEL PROPONENTE'!C503 -> 1169.2181 | E46: =+$E$9*((1-ABS($D$11-C46)/$D$11)) -> 65.801211
A47: 37 | B47: =VLOOKUP(A47,'LISTA DE OFERENTES'!$A$4:$B$65,2,FALSE) -> CONSORCIO EPSILON FONTIBON | E47: =+$E$9*((1-ABS($D$11-C47)/$D$11)) -> 0
A48: 38 | B48: =VLOOKUP(A48,'LISTA DE OFERENTES'!$A$4:$B$65,2,FALSE) -> PAULO EMILIO BRAVO CONSULTORES SAS | E48: =+$E$9*((1-ABS($D$11-C48)/$D$11)) -> 0
A49: 39 | B49: =VLOOKUP(A49,'LISTA DE OFERENTES'!$A$4:$B$65,2,FALSE) -> ALMA Interventoría & Consultoría S.A.S | E49: =+$E$9*((1-ABS($D$11-C49)/$D$11)) -> 0
A50: 40 | B50: =VLOOKUP(A50,'LISTA DE OFERENTES'!$A$4:$B$65,2,FALSE) -> CONSORCIO COING F001 | C50: ='EXPERIENCIA DEL PROPONENTE'!C559 -> 1228.7922 | E50: =+$E$9*((1-ABS($D$11-C50)/$D$11)) -> 65.846077
A51: 41 | B51: =VLOOKUP(A51,'LISTA DE OFERENTES'!$A$4:$B$65,2,FALSE) -> CONSORCIO FONTIBÓN KM 2024 | E51: =+$E$9*((1-ABS($D$11-C51)/$D$11)) -> 0
A52: 42 | B52: =VLOOKUP(A52,'LISTA DE OFERENTES'!$A$4:$B$65,2,FALSE) -> CONSORCIO INTER FONTIBON JG | E52: =+$E$9*((1-ABS($D$11-C52)/$D$11)) -> 0
A53: 43 | B53: =VLOOKUP(A53,'LISTA DE OFERENTES'!$A$4:$B$65,2,FALSE) -> CONSORCIO INTER VÍAL G&L | C53: ='EXPERIENCIA DEL PROPONENTE'!C598 -> 867.53034 | E53: =+$E$9*((1-ABS($D$11-C53)/$D$11)) -> 48.822839
A54: 44 | B54: =VLOOKUP(A54,'LISTA DE OFERENTES'!$A$4:$B$65,2,FALSE) -> ECOVIAS SAS | C54: ='EXPERIENCIA DEL PROPONENTE'!C614 -> 1174.7594 | E54: =+$E$9*((1-ABS($D$11-C54)/$D$11)) -> 66.113065
A55: 45 | B55: =VLOOKUP(A55,'LISTA DE OFERENTES'!$A$4:$B$65,2,FALSE) -> PROJEKTA LTDA INGENIEROS CONSULTORES | C55: ='EXPERIENCIA DEL PROPONENTE'!C630 -> 911.47843 | E55: =+$E$9*((1-ABS($D$11-C55)/$D$11)) -> 51.296148
A56: 46 | B56: =VLOOKUP(A56,'LISTA DE OFERENTES'!$A$4:$B$65,2,FALSE) -> SOLUCIONES PARA LA INGENIERÍA S.A.S. | E56: =+$E$9*((1-ABS($D$11-C56)/$D$11)) -> 0
A57: 47 | B57: =VLOOKUP(A57,'LISTA DE OFERENTES'!$A$4:$B$65,2,FALSE) -> CONSORCIO INTERVIAL PH | E57: =+$E$9*((1-ABS($D$11-C57)/$D$11)) -> 0
A58: 48 | B58: =VLOOKUP(A58,'LISTA DE OFERENTES'!$A$4:$B$65,2,FALSE) -> CONSORCIO SETEC VIAL FONTIBON | E58: =+$E$9*((1-ABS($D$11-C58)/$D$11)) -> 0
A59: 49 | B59: =VLOOKUP(A59,'LISTA DE OFERENTES'!$A$4:$B$65,2,FALSE) -> CONSORCIO CCP | E59: =+$E$9*((1-ABS($D$11-C59)/$D$11)) -> 0
A60: 50 | B60: =VLOOKUP(A60,'LISTA DE OFERENTES'!$A$4:$B$65,2,FALSE) -> CONSORCIO FONTIBON | E60: =+$E$9*((1-ABS($D$11-C60)/$D$11)) -> 0
A61: 51 | B61: =VLOOKUP(A61,'LISTA DE OFERENTES'!$A$4:$B$65,2,FALSE) -> CONSORCIO TECNOLOGICO | E61: =+$E$9*((1-ABS($D$11-C61)/$D$11)) -> 0
A62: 52 | B62: =VLOOKUP(A62,'LISTA DE OFERENTES'!$A$4:$B$65,2,FALSE) -> CONSORCIO INTERVIAL PH | C62: ='EXPERIENCIA DEL PROPONENTE'!C735 -> 1385.7766 | E62: =+$E$9*((1-ABS($D$11-C62)/$D$11)) -> 57.011318
A63: 53 | B63: =VLOOKUP(A63,'LISTA DE OFERENTES'!$A$4:$B$65,2,FALSE) -> CONSORCIO VIAS FONTIBON PC | C63: ='EXPERIENCIA DEL PROPONENTE'!C750 -> 1040.3561 | E63: =+$E$9*((1-ABS($D$11-C63)/$D$11)) -> 58.549123
A64: 54 | B64: =VLOOKUP(A64,'LISTA DE OFERENTES'!$A$4:$B$65,2,FALSE) -> CONSORCIO MALLA VIAL FDLF | C64: ='EXPERIENCIA DEL PROPONENTE'!C765 -> 832.62047 | E64: =+$E$9*((1-ABS($D$11-C64)/$D$11)) -> 46.858183
A65: 55 | B65: =VLOOKUP(A65,'LISTA DE OFERENTES'!$A$4:$B$65,2,FALSE) -> CONSORCIO INTER FONTIBON | E65: =+$E$9*((1-ABS($D$11-C65)/$D$11)) -> 0
A66: 56 | B66: =VLOOKUP(A66,'LISTA DE OFERENTES'!$A$4:$B$65,2,FALSE) -> CONSORCIO VIAS IC 2024 | C66: ='EXPERIENCIA DEL PROPONENTE'!C799 -> 1362.2831 | E66: =+$E$9*((1-ABS($D$11-C66)/$D$11)) -> 58.333482
A67: 57 | B67: =VLOOKUP(A67,'LISTA DE OFERENTES'!$A$4:$B$65,2,FALSE) -> ORBITA DESARROLLO S.A.S. BIC | C67: ='EXPERIENCIA DEL PROPONENTE'!C813 -> 1140.7824 | E67: =+$E$9*((1-ABS($D$11-C67)/$D$11)) -> 64.200907
A68: 58 | B68: =VLOOKUP(A68,'LISTA DE OFERENTES'!$A$4:$B$65,2,FALSE) -> CONSORCIO CONSTRUCCIÓN Y DESARROLLO FONTIBÓN | C68: ='EXPERIENCIA DEL PROPONENTE'!C828 -> 1332.6063 | E68: =+$E$9*((1-ABS($D$11-C68)/$D$11)) -> 60.003636
A69: 59 | B69: =VLOOKUP(A69,'LISTA DE OFERENTES'!$A$4:$B$65,2,FALSE) -> CONSORCIO ESPACIO PÚBLICO INT 2024 | C69: ='EXPERIENCIA DEL PROPONENTE'!C842 -> 1601.0198 | E69: =+$E$9*((1-ABS($D$11-C69)/$D$11)) -> 44.897869
A70: 60 | B70: =VLOOKUP(A70,'LISTA DE OFERENTES'!$A$4:$B$65,2,FALSE) -> CONSORCIO VÍAS PROTEV | C70: ='EXPERIENCIA DEL PROPONENTE'!C858 -> 1394.2626 | E70: =+$E$9*((1-ABS($D$11-C70)/$D$11)) -> 56.533744
A71: 61 | B71: =VLOOKUP(A71,'LISTA DE OFERENTES'!$A$4:$B$65,2,FALSE) -> CONSORCIO INTERVENTORES FONTIBON | C71: ='EXPERIENCIA DEL PROPONENTE'!C871 -> 1027.8094 | E71: =+$E$9*((1-ABS($D$11-C71)/$D$11)) -> 57.843016
A72: 62 | B72: =VLOOKUP(A72,'LISTA DE OFERENTES'!$A$4:$B$65,2,FALSE) -> CONCIC SAS | E72: =+$E$9*((1-ABS($D$11-C72)/$D$11)) -> 0

Sheet OBRAS INCONCLUSAS
A1: FONDO DE DESARROLLO LOCAL DE FONTIBÓN
A2: FDLF-CMA-001-2023
A3: REALIZAR LA INTERVENTORIA, TECNICA ADMINISTRATIVA JURÍDICA FINANCIERA SOCIAL AMBIENTAL Y DE SEGURIDAD Y SALUD EN EL TRABAJO AL CONTRATO cuyo objeto es "REALIZAR LAS OBRAS DE CONSERVACION DE LA MALLA VIAL Y ESPACIO PUBLICO ASOCIADO EN LA LOCALIDAD DE FONTIBON BOGOTA DC A TRAVES DEL SISTEMA DE PRECIOS UNITARIOS FIJOS Y A MONTO AGOTABLE"
A5: No. | B5: Nombre de Oferente : | C5: VERIFICACIÓN REGISTRO NACIONAL DE OBRAS INCONCLUSAS
A6: 1 | B6: ='LISTA DE OFERENTES'!B4 -> CONSORCIO INTERVIALES PCI-PC | C6: NO REGISTRA OBRAS INCONCLUSAS
A7: 2 | B7: ='LISTA DE OFERENTES'!B5 -> CONSORCIO VÍAS FONTIBÓN 2025 | C7: NO REGISTRA OBRAS INCONCLUSAS
A8: 3 | B8: ='LISTA DE OFERENTES'!B6 -> MORALBA SANCHEZ ORDOÑEZ | C8: NO REGISTRA OBRAS INCONCLUSAS
A9: 4 | B9: ='LISTA DE OFERENTES'!B7 -> GRUPO METRO COLOMBIA SAS | C9: NO REGISTRA OBRAS INCONCLUSAS
A10: 5 | B10: ='LISTA DE OFERENTES'!B8 -> CONSORCIO INTER CGS F1 | C10: NO REGISTRA OBRAS INCONCLUSAS
A11: 6 | B11: ='LISTA DE OFERENTES'!B9 -> INGENIEROS CONSTRUCTORES Y ASESORES SAS | C11: NO REGISTRA OBRAS INCONCLUSAS
A12: 7 | B12: ='LISTA DE OFERENTES'!B10 -> GPM PROYECTOS DE INGENIERIA SAS | C12: NO REGISTRA OBRAS INCONCLUSAS
A13: 8 | B13: ='LISTA DE OFERENTES'!B11 -> CONSORCIO MODELIA 24 | C13: NO REGISTRA OBRAS INCONCLUSAS
A14: 9 | B14: ='LISTA DE OFERENTES'!B12 -> UNIÓN TEMPORAL ROADS 402 | C14: NO REGISTRA OBRAS INCONCLUSAS
A15: 10 | B15: ='LISTA DE OFERENTES'!B13 -> CONSORCIO MALLA VIAL 206 | C15: NO REGISTRA OBRAS INCONCLUSAS
A16: 11 | B16: ='LISTA DE OFERENTES'!B14 -> INTERVENTORIA Y CONSTRUCIVILES SAS | C16: NO REGISTRA OBRAS INCONCLUSAS
A17: 12 | B17: ='LISTA DE OFERENTES'!B15 -> EMPROCIV SAS | C17: NO REGISTRA OBRAS INCONCLUSAS
... A67: 62 | B67: ='LISTA DE OFERENTES'!B65 -> CONCIC SAS | C67: NO REGISTRA OBRAS INCONCLUSAS

Sheet F. PONDERABLES
A1: FONDO DE DESARROLLO LOCAL DE FONTIBÓN
A2: CONCURSO DE MERITOS ABIERTO FDLF-CMA-001-2023
A3: FACTORES PONDERABLES
A7: FACTORES PONDERABLES / PUNTAJE FINAL | C7: EXPERIENCIA DEL PROPONENTE (67,5 PUNTOS) | D7: EQUIPO DE TRABAJO (PERSONAL CLAVE EVALUABLE) (10 PUNTOS) | E7: FACTOR DE SOSTENIBILIDAD (1 PUNTO) | F7: APOYO A LA INDUSTRIA NACIONAL (20 PUNTOS) | G7: VINCULACIÓN DE PERSONAS CON DISCAPACIDAD (1 PUNTO) | H7: EMPRENDIMIENTO Y EMPRESAS DE MUJERES (0,25 PUNTOS) | I7: MIPYME (0,25 PUNTOS) | J7: ANOTACIONES REGISTRO NACIONAL DE OBRAS INCONCLUSAS ( -1 PUNTO) | K7: MULTAS Y SANCIONES ( -2 PUNTOS) | L7: PUNTAJE TOTAL | M7: OBSERVACIONES
A8: 1 | B8: ='LISTA DE OFERENTES'!B4 -> CONSORCIO INTERVIALES PCI-PC | C8: =+'MEDIA GEOMETRICA'!E11 -> 57.319606 | D8: 10 | E8: 1 | F8: 20 | G8: 1 | H8: 0.25 | I8: 0.25 | L8: =D8+E8+F8+G8+H8+I8 -> 32.5
A9: 2 | B9: ='LISTA DE OFERENTES'!B5 -> CONSORCIO VÍAS FONTIBÓN 2025 | C9: =+'MEDIA GEOMETRICA'!E12 -> 49.572946 | D9: 10 | E9: 1 | F9: 20 | G9: 1 | H9: 0.25 | I9: 0.25 | L9: =SUM(D9:I9) -> 32.5
A10: 3 | B10: ='LISTA DE OFERENTES'!B6 -> MORALBA SANCHEZ ORDOÑEZ | C10: =+'MEDIA GEOMETRICA'!E13 -> 0 | D10: 10 | E10: 1 | F10: 20 | G10: 1 | H10: 0.25 | I10: 0.25 | L10: =SUM(D10:I10) -> 32.5
A11: 4 | B11: ='LISTA DE OFERENTES'!B7 -> GRUPO METRO COLOMBIA SAS | C11: =+'MEDIA GEOMETRICA'!E14 -> 11.23009 | D11: 10 | E11: 1 | F11: 20 | G11: 1 | H11: 0.25 | I11: 0.25 | L11: =SUM(D11:I11) -> 32.5
A12: 5 | B12: ='LISTA DE OFERENTES'!B8 -> CONSORCIO INTER CGS F1 | C12: =+'MEDIA GEOMETRICA'!E15 -> 0 | D12: 10 | E12: 1 | F12: 20 | G12: 1 | H12: 0.25 | I12: 0.25 | L12: =SUM(D12:I12) -> 32.5
A13: 6 | B13: ='LISTA DE OFERENTES'!B9 -> INGENIEROS CONSTRUCTORES Y ASESORES SAS | C13: =+'MEDIA GEOMETRICA'!E16 -> 0 | D13: 10 | E13: 1 | F13: 20 | G13: 1 | H13: 0.25 | I13: 0.25 | L13: =SUM(D13:I13) -> 32.5
A14: 7 | B14: ='LISTA DE OFERENTES'!B10 -> GPM PROYECTOS DE INGENIERIA SAS | C14: =+'MEDIA GEOMETRICA'!E17 -> 54.647622 | D14: 10 | E14: 1 | F14: 20 | G14: 1 | H14: 0.25 | I14: 0.25 | L14: =SUM(D14:I14) -> 32.5
A15: 8 | B15: ='LISTA DE OFERENTES'!B11 -> CONSORCIO MODELIA 24 | C15: =+'MEDIA GEOMETRICA'!E18 -> 0 | D15: 10 | E15: 1 | F15: 20 | G15: 1 | H15: 0.25 | I15: 0.25 | L15: =SUM(D15:I15) -> 32.5
A16: 9 | B16: ='LISTA DE OFERENTES'!B12 -> UNIÓN TEMPORAL ROADS 402 | C16: =+'MEDIA GEOMETRICA'!E19 -> 63.247844 | D16: 10 | E16: 1 | F16: 20 | G16: 1 | H16: 0.25 | I16: 0.25 | L16: =SUM(D16:I16) -> 32.5
A17: 10 | B17: ='LISTA DE OFERENTES'!B13 -> CONSORCIO MALLA VIAL 206 | C17: =+'MEDIA GEOMETRICA'!E20 -> 0 | D17: 10 | E17: 1 | F17: 20 | G17: 0 | H17: 0.25 | I17: 0.25 | L17: =SUM(D17:I17) -> 31.5 | M17: EL PROPONENTE NO ADJUNTA EL FORMATO DE VINCULACIÓN DE PERSONAS EN SITUACIÓN DE DISCAPACIDAD
A18: 11 | B18: ='LISTA DE OFERENTES'!B14 -> INTERVENTORIA Y CONSTRUCIVILES SAS | C18: =+'MEDIA GEOMETRICA'!E21 -> 0 | D18: 10 | E18: 1 | F18: 20 | G18: 1 | H18: 0.25 | I18: 0.25 | L18: =SUM(D18:I18) -> 32.5
A19: 12 | B19: ='LISTA DE OFERENTES'!B15 -> EMPROCIV SAS | C19: =+'MEDIA GEOMETRICA'!E22 -> 53.864253 | D19: 10 | E19: 1 | F19: 20 | G19: 1 | H19: 0.25 | I19: 0.25 | L19: =SUM(D19:I19) -> 32.5
A20: 13 | B20: ='LISTA DE OFERENTES'!B16 -> CONSORCIO NOGAALL-LITORAL | C20: =+'MEDIA GEOMETRICA'!E23 -> 64.913757 | D20: 10 | E20: 1 | F20: 20 | G20: 1 | H20: 0.25 | I20: 0.25 | L20: =SUM(D20:I20) -> 32.5
A21: 14 | B21: ='LISTA DE OFERENTES'!B17 -> GRUCOING SAS | C21: =+'MEDIA GEOMETRICA'!E24 -> 55.600966 | D21: 10 | E21: 1 | F21: 20 | G21: 1 | H21: 0.25 | I21: 0.25 | L21: =SUM(D21:I21) -> 32.5
A22: 15 | B22: ='LISTA DE OFERENTES'!B18 -> CONSORCIO ESPACIOS TVH | C22: =+'MEDIA GEOMETRICA'!E25 -> 54.365938 | D22: 10 | E22: 1 | F22: 20 | G22: 1 | H22: 0.25 | I22: 0.25 | L22: =SUM(D22:I22) -> 32.5
A23: 16 | B23: ='LISTA DE OFERENTES'!B19 -> CONSORCIO VIAS Y ESP | C23: =+'MEDIA GEOMETRICA'!E26 -> 0 | D23: 10 | E23: 1 | F23: 20 | G23: 1 | H23: 0.25 | I23: 0.25 | L23: =SUM(D23:I23) -> 32.5
A24: 17 | B24: ='LISTA DE OFERENTES'!B20 -> CONSORCIO FONTIBON GM | C24: =+'MEDIA GEOMETRICA'!E27 -> 0 | D24: 10 | E24: 1 | F24: 20 | G24: 1 | H24: 0.25 | I24: 0.25 | L24: =SUM(D24:I24) -> 32.5
A25: 18 | B25: ='LISTA DE OFERENTES'!B21 -> CONSORCIO I.D. FONTIBÓN | C25: =+'MEDIA GEOMETRICA'!E28 -> 0 | D25: 10 | E25: 1 | F25: 20 | G25: 1 | H25: 0.25 | I25: 0.25 | L25: =SUM(D25:I25) -> 32.5
A26: 19 | B26: ='LISTA DE OFERENTES'!B22 -> CONSORCIO LG FONTIBÓN | C26: =+'MEDIA GEOMETRICA'!E29 -> 67.5 | D26: 10 | E26: 1 | F26: 20 | G26: 1 | H26: 0.25 | I26: 0.25 | L26: =SUM(D26:I26) -> 32.5
A27: 20 | B27: ='LISTA DE OFERENTES'!B23 -> INTERSA S.A | C27: =+'MEDIA GEOMETRICA'!E30 -> 0 | D27: 10 | E27: 1 | F27: 20 | G27: 1 | H27: 0.25 | I27: 0.25 | L27: =SUM(D27:I27) -> 32.5
A28: 21 | B28: ='LISTA DE OFERENTES'!B24 -> CODIPRO INGENIERIA Y ARQUITECTURA LTDA. CONSTRUCCIONES, DISEÑOS Y PROYECTOS | C28: =+'MEDIA GEOMETRICA'!E31 -> 0 | D28: 10 | E28: 1 | F28: 20 | G28: 1 | H28: 0 | I28: 0.25 | L28: =SUM(D28:I28) -> 32.25 | M28: no presentaron formato para puntaje de emprendimiento de mujeres
A29: 22 | B29: ='LISTA DE OFERENTES'!B25 -> CONSORCIO INGESCOR R 2024 | C29: =+'MEDIA GEOMETRICA'!E32 -> 0 | D29: 10 | E29: 1 | F29: 20 | G29: 1 | H29: 0.25 | I29: 0.25 | L29: =SUM(D29:I29) -> 32.5
A30: 23 | B30: ='LISTA DE OFERENTES'!B26 -> CONSORCIO INTERVIAL URBANO | C30: =+'MEDIA GEOMETRICA'!E33 -> 23.986252 | D30: 10 | E30: 1 | F30: 20 | G30: 1 | H30: 0.25 | I30: 0.25 | L30: =SUM(D30:I30) -> 32.5
A31: 24 | B31: ='LISTA DE OFERENTES'!B27 -> VELNEC SA | C31: =+'MEDIA GEOMETRICA'!E34 -> 61.47177 | D31: 10 | E31: 1 | F31: 20 | G31: 1 | H31: 0.25 | I31: 0.25 | L31: =SUM(D31:I31) -> 32.5
A32: 25 | B32: ='LISTA DE OFERENTES'!B28 -> CONSORCIO INTERFONTIBON 2024 | C32: =+'MEDIA GEOMETRICA'!E35 -> 0 | D32: 10 | E32: 1 | F32: 20 | G32: 1 | H32: 0.25 | I32: 0.25 | L32: =SUM(D32:I32) -> 32.5
A33: 26 | B33: ='LISTA DE OFERENTES'!B29 -> ING INGENIERIA S.A.S | C33: =+'MEDIA GEOMETRICA'!E36 -> 0 | D33: 10 | E33: 1 | F33: 20 | G33: 1 | H33: 0.25 | I33: 0.25 | L33: =SUM(D33:I33) -> 32.5
A34: 27 | B34: ='LISTA DE OFERENTES'!B30 -> CONSORCIO FATIMA | C34: =+'MEDIA GEOMETRICA'!E37 -> 0 | D34: 10 | E34: 1 | F34: 20 | G34: 1 | H34: 0.25 | I34: 0.25 | L34: =SUM(D34:I34) -> 32.5
A35: 28 | B35: ='LISTA DE OFERENTES'!B31 -> GEOTECNIA Y CIMIENTOS INGEOCIM S.A.S. | C35: =+'MEDIA GEOMETRICA'!E38 -> 0 | D35: 10 | E35: 1 | F35: 20 | G35: 1 | H35: 0.25 | I35: 0.25 | L35: =SUM(D35:I35) -> 32.5
A36: 29 | B36: ='LISTA DE OFERENTES'!B32 -> CONSORCIO FONTIBON JINT 001 | C36: =+'MEDIA GEOMETRICA'!E39 -> 0 | D36: 10 | E36: 1 | F36: 20 | G36: 1 | H36: 0.25 | I36: 0.25 | L36: =SUM(D36:I36) -> 32.5
A37: 30 | B37: ='LISTA DE OFERENTES'!B33 -> CONSORCIO ALIANZA BOGOTA | C37: =+'MEDIA GEOMETRICA'!E40 -> 66.23629 | D37: 10 | E37: 1 | F37: 20 | G37: 1 | H37: 0.25 | I37: 0.25 | L37: =SUM(D37:I37) -> 32.5
A38: 31 | B38: ='LISTA DE OFERENTES'!B34 -> CONSORCIO FEM – 34 | C38: =+'MEDIA GEOMETRICA'!E41 -> 42.313175 | D38: 10 | E38: 1 | F38: 20 | G38: 1 | H38: 0.25 | I38: 0.25 | L38: =SUM(D38:I38) -> 32.5
A39: 32 | B39: ='LISTA DE OFERENTES'!B35 -> CONSORCIO INTER FONTIBON | C39: =+'MEDIA GEOMETRICA'!E42 -> 0 | D39: 10 | E39: 1 | F39: 20 | G39: 1 | H39: 0.25 | I39: 0.25 | L39: =SUM(D39:I39) -> 32.5
A40: 33 | B40: ='LISTA DE OFERENTES'!B36 -> CONSORCIO ID FONTIBON 001 | C40: =+'MEDIA GEOMETRICA'!E43 -> 8.6066117 | D40: 10 | E40: 1 | F40: 20 | G40: 1 | H40: 0.25 | I40: 0.25 | L40: =SUM(D40:I40) -> 32.5
... A54: 47 | B54: ='LISTA DE OFERENTES'!B50 -> CONSORCIO INTERVIAL PH | C54: =+'MEDIA GEOMETRICA'!E57 -> 0 | D54: 10 | E54: 1 | F54: 20 | G54: 1 | H54: 0.25 | I54: 0.25 | L54: =SUM(D54:I54) -> 32.5
A55: 48 | B55: ='LISTA DE OFERENTES'!B51 -> CONSORCIO SETEC VIAL FONTIBON | C55: =+'MEDIA GEOMETRICA'!E58 -> 0 | D55: 10 | E55: 1 | F55: 20 | G55: 1 | H55: 0.25 | I55: 0.25 | L55: =SUM(D55:I55) -> 32.25
A56: 49 | B56: ='LISTA DE OFERENTES'!B52 -> CONSORCIO CCP | C56: =+'MEDIA GEOMETRICA'!E59 -> 0 | D56: 10 | E56: 1 | F56: 20 | G56: 1 | H56: 0.25 | I56: 0.25 | L56: =SUM(D56:I56) -> 32.5
A57: 50 | B57: ='LISTA DE OFERENTES'!B53 -> CONSORCIO FONTIBON | C57: =+'MEDIA GEOMETRICA'!E60 -> 0 | D57: 10 | E57: 1 | F57: 20 | G57: 1 | H57: 0.25 | I57: 0.25 | L57: =SUM(D57:I57) -> 32.5
A58: 51 | B58: ='LISTA DE OFERENTES'!B54 -> CONSORCIO TECNOLOGICO | C58: =+'MEDIA GEOMETRICA'!E61 -> 0 | D58: 10 | E58: 1 | F58: 20 | G58: 1 | H58: 0.25 | I58: 0.25 | L58: =(C58+D58+E58+F58+G58+H58+I58) -> 32.5
A59: 52 | B59: ='LISTA DE OFERENTES'!B55 -> CONSORCIO INTERVIAL PH | C59: =+'MEDIA GEOMETRICA'!E62 -> 57.011318 | D59: 10 | E59: 1 | F59: 20 | G59: 1 | H59: 0.25 | I59: 0.25 | L59: =(C59+D59+E59+F59+G59+H59+I59) -> 89.511318
A60: 53 | B60: ='LISTA DE OFERENTES'!B56 -> CONSORCIO VIAS FONTIBON PC | C60: =+'MEDIA GEOMETRICA'!E63 -> 58.549123 | D60: 10 | E60: 1 | F60: 20 | G60: 1 | H60: 0.25 | I60: 0.25 | L60: =(C60+D60+E60+F60+G60+H60+I60) -> 91.049123
A61: 54 | B61: ='LISTA DE OFERENTES'!B57 -> CONSORCIO MALLA VIAL FDLF | C61: =+'MEDIA GEOMETRICA'!E64 -> 46.858183 | D61: 10 | E61: 1 | F61: 20 | G61: 1 | H61: 0.25 | I61: 0.25 | L61: =(C61+D61+E61+F61+G61+H61+I61) -> 79.358183
A62: 55 | B62: ='LISTA DE OFERENTES'!B58 -> CONSORCIO INTER FONTIBON | C62: =+'MEDIA GEOMETRICA'!E65 -> 0 | D62: 10 | E62: 1 | F62: 20 | G62: 1 | H62: 0.25 | I62: 0.25 | L62: =(C62+D62+E62+F62+G62+H62+I62) -> 32.5
A63: 56 | B63: ='LISTA DE OFERENTES'!B59 -> CONSORCIO VIAS IC 2024 | C63: =+'MEDIA GEOMETRICA'!E66 -> 58.333482 | D63: 10 | E63: 1 | F63: 20 | G63: 1 | H63: 0.25 | I63: 0.25 | L63: =(C63+D63+E63+F63+G63+H63+I63) -> 90.833482
A64: 57 | B64: ='LISTA DE OFERENTES'!B60 -> ORBITA DESARROLLO S.A.S. BIC | C64: =+'MEDIA GEOMETRICA'!E67 -> 64.200907 | D64: 10 | E64: 1 | F64: 20 | G64: 1 | H64: 0.25 | I64: 0.25 | L64: =(C64+D64+E64+F64+G64+H64+I64) -> 96.700907
A65: 58 | B65: ='LISTA DE OFERENTES'!B61 -> CONSORCIO CONSTRUCCIÓN Y DESARROLLO FONTIBÓN | C65: =+'MEDIA GEOMETRICA'!E68 -> 60.003636 | D65: 10 | E65: 1 | F65: 20 | G65: 1 | H65: 0.25 | I65: 0.25 | L65: =(C65+D65+E65+F65+G65+H65+I65) -> 92.503636
A66: 59 | B66: ='LISTA DE OFERENTES'!B62 -> CONSORCIO ESPACIO PÚBLICO INT 2024 | C66: =+'MEDIA GEOMETRICA'!E69 -> 44.897869 | D66: 10 | E66: 1 | F66: 20 | G66: 1 | H66: 0.25 | I66: 0.25 | L66: =(C66+D66+E66+F66+G66+H66+I66) -> 77.397869
A67: 60 | B67: ='LISTA DE OFERENTES'!B63 -> CONSORCIO VÍAS PROTEV | C67: =+'MEDIA GEOMETRICA'!E70 -> 56.533744 | D67: 10 | E67: 1 | F67: 20 | G67: 1 | H67: 0.25 | I67: 0.25 | L67: =(C67+D67+E67+F67+G67+H67+I67) -> 89.033744
A68: 61 | B68: ='LISTA DE OFERENTES'!B64 -> CONSORCIO INTERVENTORES FONTIBON | C68: =+'MEDIA GEOMETRICA'!E71 -> 57.843016 | D68: 10 | E68: 1 | F68: 20 | G68: 1 | H68: 0.25 | I68: 0.25 | L68: =(C68+D68+E68+F68+G68+H68+I68) -> 90.343016
A69: 62 | B69: ='LISTA DE OFERENTES'!B65 -> CONCIC SAS | C69: =+'MEDIA GEOMETRICA'!E72 -> 0 | D69: 10 | E69: 1 | F69: 20 | G69: 1 | H69: 0.25 | I69: 0.25 | L69: =(C69+D69+E69+F69+G69+H69+I69) -> 32.5
